 Dungeon Crawl Stone Soup version 0.16-a0-3354-g045d5c7 (webtiles) character file.

1074527 Pikaro the Annihilator (level 27, -6/184 HPs)
             Began as a Deep Elf Conjurer on Dec 21, 2014.
             Was the Champion of Vehumet.
             Killed from afar by a hellion (30 damage)
             ... with a burst of hellfire
             ... created by the effects of Hell
             ... on level 3 of the Iron City of Dis on Dec 29, 2014.
             The game lasted 21:54:19 (207263 turns).

Pikaro the Annihilator (Deep Elf Conjurer)        Turns: 207263, Time: 21:54:20

Health: -6/184     AC: 27    Str:  9    XL:     27
Magic:  45/50      EV: 37    Int: 42    God:    Vehumet [******]
Gold:   6611       SH: 19    Dex: 19    Spells: 15 memorised, 0 levels left

rFire  + + +     SeeInvis .     b - staff of energy {@w1+MP, hungerless spells, !d!a}
rCold  + + .     Clarity  .     l - +4 robe of Augmentation {Str+4 Int+4 Dex+4}
rNeg   + + +     SustAb   .     f - +6 shield of Icainap {Int+3 Stlth++}
rPois  +         Gourm    .     m - -2 hat of the Alchemist {rElec rPois rF+ rC+ rN+ MR+ rMut rCorr}
rElec  +         Spirit   .     S - +0 cloak of Starlight {rElec rC+ EV+4 Stlth-}
rCorr  +         Warding  +     Z - +5 pair of gloves of the Leaf {+Rage rPois rF++ Dex+1} (curse)
rMut   +         NoTele   +     O - +2 pair of boots of the Assassin {Stlth++}
MR     +++++                    y - amulet of Cekugob {Ward -Tele rElec rPois rN++ AC+1 EV+1}
Stlth  ++++++++++               u - ring of the Mage {Wiz MR++ Int+3}
                                E - ring of Robustness {AC+8}

@: very slightly contaminated, hasted and slowed, delayed fireball, deflect
missiles, almost entirely resistant to hostile enchantments, uncannily stealthy
A: rough black scales 1, dopey 1, sense surroundings 1
a: Renounce Religion, Release Delayed Fireball, Evoke Berserk Rage
}: 10/15 runes: decaying, serpentine, slimy, silver, abyssal, demonic, glowing,
magical, fiery, dark


You were on level 3 of the Iron City of Dis.
You worshipped Vehumet.
Vehumet was exalted by your worship.
You were near starving.

You visited 14 branches of the dungeon, and saw 66 of its levels.
You visited Pandemonium 2 times, and saw 19 of its levels.
You visited the Abyss 3 times.
You visited 2 ziggurats, and saw 29 of their levels (deepest: 17).
You also visited: Volcano.

You collected 9803 gold pieces.
You spent 3192 gold pieces at shops.

Inventory:

Hand weapons
 a - a +9 morningstar of protection
   (You took it off an orc on level 7 of the Dungeon)
Missiles
 i - 246 stones (quivered)
Armour
 f - the +6 shield of Icainap (worn) {Int+3 Stlth++}
   (You took it off Donald on level 4 of the Swamp)

   It affects your intelligence (+3).
   It makes you much more stealthy.
 l - the +4 robe of Augmentation (worn) {Str+4 Int+4 Dex+4}
   (You found it on level 15 of a ziggurat)

   It affects your strength (+4).
   It affects your intelligence (+4).
   It affects your dexterity (+4).
 m - the -2 hat of the Alchemist (worn) {rElec rPois rF+ rC+ rN+ MR+ rMut rCorr}
   (You found it on level 3 of the Crypt)

   It protects you from fire.
   It protects you from cold.
   It insulates you from electricity.
   It protects you from poison.
   It protects you from negative energy.
   It affects your resistance to hostile enchantments.
   It protects you from acid and corrosion.
   It protects you from mutation.
 O - the +2 pair of boots of the Assassin (worn) {Stlth++}
   (You acquired it on level 6 of a ziggurat)

   It makes you much more stealthy.
 S - the +0 cloak of Starlight (worn) {rElec rC+ EV+4 Stlth-}
   (You found it on level 3 of the Elven Halls)

   It affects your evasion (+4).
   It protects you from cold.
   It insulates you from electricity.
   It makes you less stealthy.
 Z - the cursed +5 pair of gloves of the Leaf (worn) {+Rage rPois rF++ Dex+1}
   (You found it on level 3 of the Crypt)

   It affects your dexterity (+1).
   It greatly protects you from fire.
   It protects you from poison.
   It lets you go berserk.
   It has a curse placed upon it.
Magical staves
 b - an uncursed staff of energy (weapon) {@w1+MP, hungerless spells, !d!a}
   (You found it on level 3 of the Crypt)
Rods
 C - a +9 rod of inaccuracy (16/16) {!a}
   (You found it on level 7 of a ziggurat)
 J - a +9 rod of ignition (15/15) {!a}
   (You took it off a vault warden on level 5 of the Vaults)
Jewellery
 u - the ring of the Mage (right hand) {Wiz MR++ Int+3}
   (You found it on level 3 of the Elven Halls)

   [ring of wizardry]

   It improves your spell success rate.
   It affects your intelligence (+3).
   It affects your resistance to hostile enchantments.
 w - the ring of Roanut {+Blink SInv Stlth+}
   (You found it on level 4 of the Dungeon)

   [ring of stealth]

   It enhances your eyesight.
   It lets you blink.
   It makes you more stealthy.
 y - the amulet of Cekugob (around neck) {Ward -Tele rElec rPois rN++ AC+1 EV+1}
   (You took it off a mummy priest on level 1 of the Tomb of the Ancients)

   [amulet of warding]

   It may prevent the melee attacks of summoned creatures.
   It affects your AC (+1).
   It affects your evasion (+1).
   It insulates you from electricity.
   It protects you from poison.
   It greatly protects you from negative energy.
   It prevents most forms of teleportation.
 E - the ring of Robustness (left hand) {AC+8}
   (You bought it in a shop on level 4 of the Orcish Mines)

   [ring of protection]

   It affects your AC (+8).
 N - the amulet "Wanebu Linu" {Stasis rF+ MR+ SInv Stlth+}
   (You found it on level 12 of a ziggurat)

   [amulet of stasis]

   It prevents you from being teleported, slowed, hasted or paralysed.
   It protects you from fire.
   It affects your resistance to hostile enchantments.
   It enhances your eyesight.
   It makes you more stealthy.
 R - an uncursed ring of invisibility {+Inv, !d}
   (You found it on level 1 of the Tomb of the Ancients)
 U - an uncursed ring of teleportation {+/*tele, !d}
   (You found it on level 4 of the Lair of Beasts)
Magical devices
 d - a wand of teleportation (8)
   (You found it on level 7 of the Dungeon)
 g - a wand of hasting (7)
   (You found it in Pandemonium)
 r - a wand of heal wounds (0)
   (You found it on level 1 of the Snake Pit)
 L - a wand of fireball (8)
   (You found it on level 6 of the Pits of Slime)
 P - a wand of invisibility (9)
   (You found it on level 11 of the Dungeon)
 V - a wand of digging (11)
   (You found it on level 1 of a ziggurat)
Scrolls
 c - 5 scrolls of identify
 e - 6 scrolls of amnesia
 j - 23 scrolls of teleportation
 G - 7 scrolls of blinking {!r}
 H - 22 scrolls of fog
 M - 13 scrolls of remove curse
 T - 9 scrolls of fear
Potions
 n - 2 potions of haste
 p - 3 potions of restore abilities
 t - 4 potions of curing
 z - 10 potions of agility
 B - 2 potions of ambrosia {!q!magic, !confuse}
 I - 2 potions of cancellation
 Q - a potion of heal wounds
 X - 5 potions of brilliance
 Y - 5 potions of resistance
Miscellaneous
 D - a disc of storms
   (You found it on level 6 of a ziggurat)
 F - 2 fans of gales
 K - 9 phials of floods (4 inert)
 W - 8 lamps of fire
Comestibles
 s - 13 meat rations {@e2}


   Skills:
 + Level 21.8 Fighting
 - Level 3.0 Armour
 + Level 23.4 Dodging
 - Level 20.0 Stealth
 - Level 15.0 Shields
 O Level 27 Spellcasting
 O Level 27 Conjurations
 - Level 12.0 Charms
 - Level 10.1 Summonings
 - Level 10.0 Necromancy
 - Level 10.1 Translocations
 - Level 15.0 Fire Magic
 - Level 10.0 Ice Magic
 - Level 15.0 Air Magic
 - Level 15.1 Earth Magic
 - Level 20.0 Evocations


You couldn't memorise any spells.
You knew the following spells:

 Your Spells              Type           Power        Failure   Level  Hunger
a - Iron Shot             Conj/Erth      ########..   0%          6    None
e - Fireball              Conj/Fire      ########..   0%          5    None
h - Haste                 Chrm           ########     1%          6    None
i - Deflect Missiles      Chrm/Air       ########..   1%          6    None
l - Delayed Fireball      Conj/Fire      N/A          1%          7    None
n - Force Lance           Conj/Tloc      ########     0%          4    None
t - Iskenderun's Battles  Conj/Chrm      ########     0%          5    None
u - Freezing Cloud        Conj/Ice/Air   ########..   1%          6    None
A - Fire Storm            Conj/Fire      ########..   1%          9    None
B - Regeneration          Chrm/Necr      #######...   0%          3    None
C - Summon Butterflies    Summ           #######.     0%          1    None
D - Spellforged Servitor  Conj/Summ      ########..   1%          7    None
E - Haunt                 Necr/Summ      #######...   1%          7    None
F - Controlled Blink      Tloc           N/A          1%          7    None
G - Bolt of Cold          Conj/Ice       ########..   1%          6    None


Dungeon Overview and Level Annotations

Branches:
Dungeon (15/15)            Temple (1/1) D:7            Lair (8/8) D:9
  Swamp (5/5) Lair:4        Snake (5/5) Lair:3        Slime (6/6) Lair:7
    Orc (4/4) D:12            Elf (3/3) Orc:3        Vaults (5/5) D:14
  Crypt (3/3) Vaults:2       Tomb (2/3) Crypt:3      Depths (5/5) D:15
   Hell (1/1)                 Dis (3/7) Hell            Geh (0/7) Hell
    Nor (0/7) Hell            Tar (0/7) Hell            Zot (0/5) Depths:5

Altars:
Ashenzari
Cheibriados
Dithmenos
Elyvilon
Fedhas
Gozag
Kikubaaqudgha
Makhleb
Nemelex Xobeh
Okawaru
Qazlal
Ru
Sif Muna
Trog
Vehumet
Xom
Yredelemnul
Zin
The Shining One
Beogh
Jiyva

Shops:
D:6 [   Orc:4 ([=%   Elf:1 *   Snake:3 *   Vaults:5 %   Depths:1 [   Depths:2 [
Depths:3 ?   Depths:4 (

Portals:
Hell: Depths:1 Depths:2 Depths:3 Depths:4 Depths:5
Abyss: Depths:4 Depths:5
Pandemonium: Depths:3 Depths:5
Ziggurat: Depths:4

Annotations:
Lair:7 runed door
Slime:1 exclusion: great orb of eyes
Orc:4 runed door
Elf:2 runed door
Dis:1 exclusion: hell hog


Innate Abilities, Weirdness & Mutations

You are partially covered in rough black scales (AC +4, Dex -1).
You are dopey. (Int -2)
You passively map a small area around you.


Message History

You feel your power returning.
You feel nervous for a moment...
Your +5 pair of gloves of the Leaf {+Rage rPois rF++ Dex+1} glows black for a moment.
You now have 45/50 mp.
You channel some magical energy.
You feel slightly more hungry.
You are feeling very hungry.
You regained 2 hp, and now have 174/184 hp.
You regained 3 mp, and now have 48/50 mp.
You channel some magical energy.
You feel slightly more hungry.
MP restored: 50 Your skin stops crawling.
A wight comes into view. It is wielding a morningstar.
The wight moves out of view.
A wight comes into view.
It is wielding an enchanted short sword.
A wight comes into view. It is wielding a trident of freezing.
The wight moves out of view. x2
No target in view!
The iron shot hits the wight.
You destroy the wight!
You now have 44/50 mp.
The iron shot hits the wight.
You destroy the wight!
You now have 38/50 mp.
No target in view!
The iron shot hits the wight.
You destroy the wight!
You now have 34/50 mp.
Nothing appears to happen.
Nothing appears to happen.
You channel some magical energy.
You feel slightly more hungry.
You regained 2 mp, and now have 36/50 mp.
You channel some magical energy.
You feel slightly more hungry.
You regained 3 mp, and now have 39/50 mp.
You channel some magical energy.
You feel slightly more hungry.
You channel some magical energy.
You feel slightly more hungry.
Health restored: 184 You regained 3 mp, and now have 43/50 mp.
You channel some magical energy.
You feel slightly more hungry.
You channel some magical energy.
You feel slightly more hungry.
You regained 3 mp, and now have 47/50 mp.
Nothing appears to happen.
You channel some magical energy.
You feel slightly more hungry.
MP restored: 50 "Die, mortal!"
You feel yourself slow down.
An iron imp, 2 hellions and a tormentor come into view.
Warning x3: The tormentor can cast Torment!
The hellion can cast smite-targeted Hellfire! x2
Okay, then.
Warning x3: The tormentor can cast Torment!
The hellion can cast smite-targeted Hellfire! x2
Warning x3: The tormentor can cast Torment!
The hellion can cast smite-targeted Hellfire! x2
The iron shot hits the tormentor.
You kill the tormentor!
A rust devil comes into view.
You now have 44/50 mp.
Warning x2: The hellion can cast smite-targeted Hellfire! x2
The hellion gestures at you.
The hellfire explodes!
The burst of hellfire engulfs you!
The burst of hellfire engulfs the iron imp.
The iron imp completely resists.
The burst of hellfire engulfs the hellion.
The hellion completely resists.
The iron imp completely misses you.
You hear a bark!
You take 15 damage, and have 169/184 hp.
Warning x2: The hellion can cast smite-targeted Hellfire! x2
The hellion gestures at you.
The hellfire explodes!
The burst of hellfire engulfs you!
The burst of hellfire engulfs the hellion.
The hellion completely resists.
The hellion gestures at you.
The hellfire explodes!
The burst of hellfire engulfs you!
The burst of hellfire engulfs the hellion.
The hellion completely resists.
The hellion gestures at you.
The hellfire explodes!
The burst of hellfire engulfs you!
The burst of hellfire engulfs the hellion.
The hellion completely resists.
The hellion gestures at you.
The hellfire explodes!
The burst of hellfire engulfs you!
* * * LOW HITPOINT WARNING * * *
The burst of hellfire engulfs the hellion.
The hellion completely resists.
You hear a bark!
You take 120 damage, and have 49/184 hp.
MASSIVE DAMAGE!!
Warning x2: The hellion can cast smite-targeted Hellfire! x2
Warning x2: The hellion can cast smite-targeted Hellfire! x2
You feel yourself speed up.
You are very lightly contaminated with residual magic.
This wand has 7 charges left.
You are near starving!
The hellion gestures at you.
The hellfire explodes!
The burst of hellfire engulfs you!
* * * LOW HITPOINT WARNING * * *
The burst of hellfire engulfs the hellion.
The hellion completely resists.
The burst of hellfire engulfs the iron imp.
The iron imp completely resists.
You block the iron imp's attack. The hellion gestures at you.
The hellfire explodes!
The burst of hellfire engulfs you!
You die...

,#.^..##...##..##.##.##..
,#........................
#.......................
+...............).......
#.##'##+#######'###.....
#'*#.##..###....## .... ,
, . . ...........# ... ,
........2..# . , ,
.........5@.#, , ,
..........2.+ , ,
4...........#,, ,
...4.......# ..###..##.##,
, # #'#*#.# , , ,.. #.. ,
... #..., , ,, , ... '...
, ,


You could see a rust devil, 2 hellions and an iron imp.

Vanquished Creatures
  Cerebov (Pan)
  Gloorx Vloq (Pan)
  Mnoleg (Pan)
  Lom Lobon (Pan)
  An orb of fire (Zig:12)
  2 ancient liches (Crypt:3)
  19 greater mummies
  Boris (Crypt:1)
  5 pandemonium lords (Pan)
  Sojobo (Vaults:3)
  Saint Roka (Swamp:3)
  Mara (Swamp:3)
  Mennas (Crypt:1)
  Geryon (Hell)
  5 Killer Klowns
  14 liches
  5 bone dragons
  3 golden dragons
  7 Brimstone Fiends
  Nikola (Snake:3)
  14 tentacled monstrosities
  A hellephant (Abyss:3)
  8 caustic shrikes
  9 Hell Sentinels
  4 Ice Fiends
  Vashnia (Snake:2)
  6 titans
  3 deep elf blademasters
  2 deep elf master archers (Elf:3)
  9 sphinxes
  A Shadow Fiend (Pan)
  25 acid blobs
  21 Executioners
  3 thorn hunters
  15 tentacled starspawn
  An octopode crusher (Abyss:3)
  Agnes (Vaults:1)
  An azure jelly (shapeshifter) (Zig:6)
  7 tengu reavers
  9 ancient champions
  10 shadow dragons
  Kirke (Swamp:3)
  6 storm dragons
  12 azure jellies
  2 draconian monks
  3 revenants
  A daeva (Zig:7)
  13 fire giants
  23 greater nagas
  21 frost giants
  Donald (Swamp:4)
  Wiglaf (Swamp:2)
  3 draconian scorchers
  2 orc warlords (Orc:4)
  6 iron dragons
  10 emperor scorpions
  19 balrugs
  Aizul (Elf:1)
  9 deep elf sorcerers
  A ghost moth (Zig:8)
  5 curse skulls
  29 cacodemons
  19 vault wardens
  12 rakshasas
  Gastronok (D:12)
  7 ghouls
  A draconian zealot (Zig:11)
  3 warmongers (Pan)
  4 draconian annihilators
  Jorgrun (Swamp:2)
  5 spriggan defenders
  21 reapers
  5 war gargoyles
  23 very ugly things
  A spellforged servitor (Pan)
  23 stone giants
  A stone giant (shapeshifter) (Zig:6)
  A draconian caller (Depths:5)
  2 salamander firebrands
  A blood saint (Zig:10)
  A green draconian (Depths:5)
  2 black draconians
  5 chaos champions (Pan)
  5 corrupters
  5 bennus
  A grey draconian (Depths:5)
  A red draconian (Depths:5)
  4 lorocyprocas (Pan)
  14 deep elf demonologists
  A white draconian (Depths:5)
  13 dire elephants
  10 vampire knights
  Azrael (Elf:2)
  17 deep elf annihilators
  2 black suns (Pan)
  A purple draconian (Zig:11)
  7 eidola
  4 mottled draconians
  5 unborn
  A yellow draconian (Zig:11)
  A caustic shrike zombie (Crypt:2)
  20 ettins
  14 blizzard demons
  18 deep elf death magi
  A crystal guardian (Vaults:3)
  10 deep elf high priests
  4 minotaurs
  33 vault guards
  13 green deaths
  16 fire dragons
  15 jiangshi
  A quicksilver dragon zombie (Dis:2)
  22 ironheart preservers
  13 mummy priests
  6 death oozes (Slime:6)
  3 caustic shrike skeletons
  15 great orbs of eyes
  The ghost of Duskembrace the Brawler, a powerful TrBe of Trog (Lair:2)
  Fannar (D:12)
  3 quicksilver dragon skeletons
  21 naga warriors
  Harold (Lair:2)
  13 centaur warriors
  A ghost crab (Swamp:5)
  9 anacondas
  28 hydras
  10 ice dragons
  25 yaktaur captains
  3 spriggan air magi
  Nessos (Elf:2)
  12 monstrous demonspawn (Pan)
  Erica (Lair:2)
  16 ogre magi
  10 alligators
  6 deep troll earth magi
  14 dancing weapons
  6 death knights
  11 hell beasts
  32 death yaks
  13 shock serpents
  7 tengu warriors
  2 spriggan berserkers
  9 thrashing horrors
  13 vampire magi
  6 deep troll shamans
  29 naga sharpshooters
  Urug (D:14)
  39 sun demons
  6 orc high priests
  3 hell hogs
  A storm dragon zombie (Dis:3)
  Nergalle (Lair:2)
  6 catoblepae
  A spectral spriggan (Zig:17)
  45 deep elf knights
  5 wretched stars
  3 iron trolls (Depths:3)
  7 salamander mystics
  14 shadow wraiths
  29 soul eaters
  7 ice devils
  8 infernal demonspawn (Pan)
  82 skeletal warriors
  11 hell knights
  2 golden dragon zombies
  A storm dragon skeleton (Pan)
  2 fire crabs
  3 spatial maelstroms
  20 death scarabs
  9 gelid demonspawn (Pan)
  A sea snake (shapeshifter) (Vaults:5)
  8 ball lightnings (Pan)
  2 spriggan druids
  15 deep trolls
  12 sea snakes
  An unseen horror (D:11)
  A death drake (Zig:5)
  7 naga ritualists
  5 shambling mangroves
  An anaconda zombie (Dis:2)
  7 deep elf summoners
  5 ice statues
  A swamp dragon (shapeshifter) (Depths:4)
  16 torturous demonspawn (Pan)
  3 wizards
  A giant orange brain (shapeshifter) (Vaults:5)
  7 putrid demonspawn (Pan)
  11 hill giants
  10 flayed ghosts
  11 giant orange brains
  4 lindwurms (Snake:5)
  10 orc knights
  2 golden dragon skeletons
  2 sphinx zombies
  4 griffons
  2 anubis guards (shapeshifter)
  7 worldbinders
  A shadow dragon zombie (Zig:17)
  7 shadow demons
  14 anubis guards
  16 ironbrand convokers
  3 moths of wrath
  17 swamp dragons
  2 anaconda skeletons (Tomb:1)
  20 deep elf conjurers
  7 necromancers
  A faun (shapeshifter) (Vaults:4)
  3 fire giant zombies
  10 phantasmal warriors
  5 orc sorcerers
  57 ugly things
  2 orb spiders (Zig:8)
  A griffon (shapeshifter) (Zig:9)
  5 red wasps
  7 oklob plants
  8 wolf spiders
  3 iron dragon zombies
  21 mana vipers
  2 stone giant zombies (Dis:1)
  A salamander (shapeshifter) (Abyss:3)
  19 rust devils
  6 cyclopes
  6 manticores
  2 frost giant zombies
  A shining eye (shapeshifter) (Zig:9)
  2 draconians (shapeshifter)
  35 sixfirhies
  A moth of wrath (shapeshifter) (Zig:6)
  10 elephants
  An iron dragon skeleton (Pan)
  2 drowned souls (Abyss:3)
  A shock serpent zombie (Dis:1)
  21 salamanders
  7 shining eyes
  A spriggan zombie (Zig:17)
  A dire elephant zombie (Crypt:2)
  A stone giant skeleton (Pan)
  4 centaur zombies
  A guardian serpent (shapeshifter) (Abyss:3)
  47 smoke demons
  15 guardian serpents
  2 frost giant skeletons
  Joseph (Orc:4)
  4 gargoyles
  6 apocalypse crabs
  2 molten gargoyles
  11 vault sentinels
  A spectral shock serpent (Crypt:3)
  A queen ant (Lair:3)
  A torpor snail (shapeshifter) (Vaults:4)
  2 orange crystal statues
  2 kobold demonologists
  4 torpor snails
  55 black mambas
  59 orange demons
  Psyche (D:8)
  A dire elephant skeleton (Pan)
  6 eyes of devastation
  121 yaktaurs
  A yaktaur zombie (Vaults:5)
  14 tormentors
  An iron troll zombie (Crypt:1)
  55 naga magi
  34 spiny frogs
  14 efreet
  A grey draconian zombie (Crypt:1)
  A komodo dragon (shapeshifter) (Vaults:3)
  21 hellions
  6 fire drakes
  22 hellwings
  8 demonic crawlers (Pan)
  11 komodo dragons
  A spectral glowing shapeshifter (Zig:17)
  18 deep elf priests
  2 yaktaur skeletons
  A pale draconian skeleton (Crypt:1)
  A minotaur zombie (Tomb:1)
  2 trolls (shapeshifter)
  An elf (shapeshifter) (Vaults:2)
  3 jumping spiders
  A purple draconian skeleton (Crypt:3)
  4 tengu conjurers
  26 guardian mummies
  22 red devils
  7 ancient zymes (Abyss:3)
  17 giant leeches
  A hydra zombie (Hell)
  19 freezing wraiths
  Sonja (Snake:1)
  A hydra skeleton (Tomb:1)
  3 silent spectres
  A polar bear (shapeshifter) (Elf:1)
  7 trolls
  23 two-headed ogres
  3 fire vortices
  2 polar bears (Depths:1)
  A baby alligator (shapeshifter) (Depths:2)
  128 slime creatures
  31 blink frogs
  7 baby alligators (Swamp:5)
  11 raiju
  2 blink frogs (shapeshifter)
  A guardian serpent zombie (Crypt:2)
  A harpy skeleton (Tomb:1)
  6 boulder beetles
  An ettin zombie (Tomb:1)
  8 ushabtiu
  11 bog bodies
  40 ravens
  An alligator zombie (Hell)
  14 blue devils
  3 ice dragon zombies
  A fire dragon zombie (Dis:1)
  A centaur simulacrum (D:15)
  3 basilisks
  A fire giant simulacrum (Abyss:1)
  A spectral giant leech (Swamp:5)
  A catoblepas skeleton (Pan)
  12 shadows
  A basilisk (shapeshifter) (Depths:3)
  3 trapdoor spiders
  A trapdoor spider (shapeshifter) (Depths:4)
  27 starcursed masses
  2 fire dragon skeletons
  A spriggan (shapeshifter) (Depths:5)
  45 ynoxinuls
  An alligator skeleton (Hell)
  36 flying skulls
  A tarantella (Vaults:2)
  2 ice dragon skeletons (Pan)
  14 redbacks
  13 spriggans
  14 vampires
  3 wyverns
  An ettin skeleton (Vaults:4)
  14 wraiths
  4 fire bats
  16 air elementals
  15 water elementals
  55 yaks
  38 deep elf magi
  A hungry ghost (Depths:2)
  19 chaos spawn
  2 hogs (Swamp:3)
  A human (shapeshifter) (Depths:3)
  16 golden eyes
  Grum (D:9)
  48 vampire mosquitoes
  26 neqoxecs
  A black mamba skeleton (Crypt:1)
  72 large abominations
  32 swamp worms
  A yaktaur simulacrum (Vaults:5)
  17 hippogriffs
  7 wolves
  54 deep elf fighters
  36 water moccasins
  94 nagas
  5 fire elementals
  A putrid demonspawn zombie (Crypt:1)
  A mottled dragon (shapeshifter) (Depths:2)
  5 wargs
  16 porcupines
  10 insubstantial wisps
  A spatial vortex (Abyss:1)
  A catoblepas simulacrum (Tomb:1)
  19 hell hounds
  20 soldier ants (Lair:3)
  A gelid demonspawn skeleton (Crypt:2)
  6 mottled dragons
  3 spiny frog zombies (Hell)
  26 swamp drakes
  10 ice beasts
  4 sky beasts
  A merfolk skeleton (Crypt:3)
  4 phantoms
  A snapping turtle zombie (Dis:3)
  10 spiders
  A baby alligator skeleton (Crypt:3)
  20 eyes of draining
  7 necrophages
  3 black bears
  2 boring beetles
  20 centaurs
  56 orc warriors
  A boggart (Depths:2)
  An ice beast (shapeshifter) (Depths:1)
  2 alligator simulacra
  An ettin simulacrum (Vaults:5)
  A manticore zombie (Crypt:1)
  16 yellow wasps
  A manticore skeleton (Crypt:1)
  A torpor snail zombie (Crypt:3)
  4 lost souls
  6 big kobolds
  43 ogres
  Sigmund (D:5)
  18 crocodiles
  21 small abominations
  Blork the orc (D:4)
  4 brain worms
  A gnoll sergeant (D:8)
  3 wyvern skeletons
  30 giant frogs
  2 scorpions
  A hippogriff zombie (Crypt:1)
  A snapping turtle simulacrum (Crypt:2)
  22 killer bees
  22 wights
  10 crimson imps
  4 goliath beetles
  A human simulacrum (Vaults:1)
  5 electric eels
  A giant frog zombie (D:7)
  17 hounds
  35 jellies
  6 quasits
  2 giant frog skeletons
  36 orc priests
  6 centaur skeletons
  A formicid zombie (Crypt:2)
  2 human skeletons (Crypt:1)
  8 iron imps
  14 human zombies
  9 iguanas
  Natasha (thrice) (D:4)
  50 orc wizards
  12 hell rats
  25 worker ants
  A sky beast zombie (Crypt:2)
  2 killer bee zombies
  A deep dwarf zombie (Crypt:1)
  A dwarf zombie (Crypt:1)
  Ijyb (D:2)
  Jessica (D:2)
  An ogre zombie (Dis:3)
  33 sheep
  A deep dwarf skeleton (Crypt:2)
  A naga skeleton (Pan)
  2 hound skeletons
  70 mummies
  Robin (D:2)
  15 gnolls
  34 adders
  64 river rats
  7 shadow imps
  3 worms
  3 giant mites
  3 white imps
  A giant eyeball (Pan)
  32 ufetubi
  An adder skeleton (D:5)
  5 giant geckos
  3 oozes
  269 orcs
  3 bat skeletons
  5 giant cockroaches
  29 hobgoblins
  24 jackals
  15 quokkas
  3 ball pythons
  A ball python zombie (Crypt:3)
  22 bats
  10 giant newts
  2 giant spores
  A gnoll zombie (Crypt:3)
  37 goblins
  A hobgoblin skeleton (D:5)
  A jackal zombie (Crypt:2)
  29 kobolds
  2 lurking horrors
  An orc skeleton (Pan)
  2 quokka skeletons
  A quokka zombie (D:5)
  22 rats
  A spectral orc (Lair:2)
  4 ballistomycetes
  2 crawling corpses (Vaults:5)
  14 fungi
  17 plants
  6 starspawn tentacles
  5 starspawn tentacle segments
5169 creatures vanquished.

Vanquished Creatures (collateral kills)
  the royal jelly (Slime:6)
  A Hell Sentinel (Zig:12)
  2 liches
  3 acid blobs (Zig:15)
  The ghost of namelastname112 the Shatterer, a mighty DrBe of Trog (Snake:3)
  A quicksilver dragon (Zig:14)
  A Shadow Fiend (Pan)
  A tentacled starspawn (Zig:16)
  A tengu reaver (Zig:10)
  A storm dragon (Zig:5)
  An azure jelly (Zig:6)
  2 greater nagas (Zig:14)
  An iron dragon (Zig:5)
  3 fire giants
  A draconian knight (Zig:11)
  A frost giant (Zig:10)
  A draconian zealot (Zig:11)
  A reaper (Zig:12)
  A spellforged servitor (Pan)
  A bennu (Zig:17)
  2 white draconians (Zig:11)
  A deep elf annihilator (Zig:10)
  A death ooze (Zig:15)
  A mummy priest (Zig:17)
  A yaktaur captain (Zig:9)
  A thrashing horror (Zig:11)
  A death yak (Lair:8)
  A deep elf knight (Elf:2)
  2 wretched stars
  3 skeletal warriors
  An ice devil (Zig:12)
  A golden dragon skeleton (Zig:17)
  A shadow dragon zombie (Zig:12)
  An air elemental (Pan)
  A deep elf conjurer (Zig:10)
  An iron dragon zombie (Zig:12)
  A wizard (Zig:10)
  2 shining eyes (Zig:15)
  An oklob plant (Zig:9)
  A shock serpent zombie (Dis:3)
  A cyclops (Zig:10)
  A water elemental (Pan)
  A smoke demon (Zig:11)
  A large abomination (Pan)
  A vault sentinel (Zig:9)
  An eye of devastation (Zig:8)
  A torpor snail (Lair:8)
  A black mamba (Zig:13)
  An efreet (Zig:11)
  An orange demon (Pan)
  A yaktaur (Vaults:3)
  A hellwing (Zig:11)
  An ancient zyme (Zig:11)
  A deep elf priest (Zig:9)
  A blue devil (Zig:12)
  3 slime creatures (Zig:15)
  An elf zombie (Zig:17)
  A boulder beetle (Zig:9)
  A fire dragon zombie (Dis:3)
  2 yaks (Lair:8)
  A neqoxec (Zig:16)
  An elf skeleton (Zig:17)
  A steam dragon (Zig:5)
  An insubstantial wisp (Zig:11)
  An eye of draining (Zig:6)
  A small abomination (Zig:16)
  A lightning spire (Zig:12)
  4 mummies (Zig:17)
  A plant (Zig:9)
  A starspawn tentacle (Zig:16)
87 creatures vanquished.

Vanquished Creatures (others)
  An eldritch tentacle (Pan)
  A tengu reaver (Vaults:3)
  A draconian scorcher (Zig:11)
  A vault warden (Zig:9)
  A draconian zealot (Zig:11)
  5 spellforged servitors
  A dire elephant (Depths:4)
  A green death (Pan)
  3 hell beasts (Zig:11)
  A spriggan air mage (Depths:4)
  An ice dragon (Zig:9)
  A spriggan berserker (Depths:4)
  A soul eater (Pan)
  10 death scarabs (Tomb:2)
  A deep elf knight (Elf:3)
  A giant orange brain (Pan)
  A ball lightning (Pan)
  A deep elf summoner (Elf:1)
  2 necromancers
  A salamander (Depths:3)
  A yaktaur (Depths:4)
  A demonic crawler (Pan)
  8 fire elementals
  A blue devil (Zig:17)
  A boulder beetle (Zig:13)
  14 fire vortices
  A raiju (Zig:11)
  6 flying skulls (Tomb:2)
  A spriggan (Depths:4)
  13 air elementals
  A human (Swamp:3)
  19 water elementals
  A deep elf fighter (Vaults:2)
  A merfolk zombie (Abyss:3)
  An insubstantial wisp (Abyss:3)
  A yellow wasp (Depths:4)
  A boring beetle (Zig:13)
  2 large abominations
  6 lost souls
  A boring beetle (shapeshifter) (Depths:4)
  2 small abominations (Abyss:3)
  6 mummies (Tomb:2)
  A lurking horror (Abyss:3)
  2 bushes (Lair:7)
  15 butterflies
  A crawling corpse (Vaults:4)
  86 eldritch tentacle segments (Pan)
  17 fungi
  37 plants
  36 starspawn tentacles
  388 starspawn tentacle segments
708 creatures vanquished.

Grand Total: 5964 creatures vanquished

Notes
Turn   | Place    | Note
--------------------------------------------------------------
     0 | D:1      | Pikaro, the Deep Elf Conjurer, began the quest for the Orb.
     0 | D:1      | Reached XP level 1. HP: 10/10 MP: 5/5
   213 | D:1      | Reached XP level 2. HP: 15/15 MP: 0/8
   307 | D:1      | Reached skill level 5 in Conjurations
  1072 | D:1      | Reached XP level 3. HP: 19/19 MP: 8/10
  1212 | D:2      | Noticed Ijyb
  1227 | D:2      | Killed Ijyb
  1332 | D:2      | Noticed Robin
  1352 | D:2      | Reached skill level 6 in Conjurations
  1510 | D:2      | Reached XP level 4. HP: 24/24 MP: 7/13
  1518 | D:2      | Learned a level 4 spell: Iskenderun's Mystic Blast
  1764 | D:2      | Killed Robin
  1901 | D:2      | Noticed Jessica
  1904 | D:2      | Killed Jessica
  2925 | D:3      | Reached skill level 7 in Conjurations
  2925 | D:3      | Reached XP level 5. HP: 24/28 MP: 6/16
  2934 | D:3      | Learned a level 5 spell: Iskenderun's Battlesphere
  3173 | D:3      | Found a shadowy altar of Dithmenos.
  3191 | D:3      | HP: 6/28 [kobold/stone (2)]
  3204 | D:3      | HP: 5/28 [jackal (2)]
  3986 | D:3      | Found a shattered altar of Ashenzari.
  4262 | D:3      | Found a glowing silver altar of Zin.
  4370 | D:3      | Found a shattered altar of Ashenzari.
  4453 | D:3      | Found a shadowy altar of Dithmenos.
  4639 | D:3      | Found a glowing silver altar of Zin.
  4673 | D:3      | Reached skill level 8 in Conjurations
  4673 | D:3      | Reached XP level 6. HP: 32/32 MP: 14/18
  5198 | D:4      | Got a slimy bone ring
  5199 | D:4      | Identified the ring of Roanut {+Blink SInv Stlth+} (You found it on level 4 of the Dungeon)
  5201 | D:4      | Noticed Blork the orc
  5205 | D:4      | Killed Blork the orc
  5586 | D:4      | Noticed Natasha
  5589 | D:4      | Killed Natasha
  5589 | D:4      | Reached skill level 9 in Conjurations
  6541 | D:4      | Noticed Natasha
  6543 | D:4      | Killed Natasha
  6563 | D:4      | Noticed Natasha
  6563 | D:4      | Killed Natasha
  6591 | D:5      | Entered Level 5 of the Dungeon
  6657 | D:5      | Reached XP level 7. HP: 36/36 MP: 13/20
  6845 | D:5      | Found a sparkling altar of Nemelex Xobeh.
  6907 | D:5      | Gained mutation: You are weak. (Str -2) [mutagenic meat]
  7054 | D:5      | Noticed Sigmund
  7059 | D:5      | Killed Sigmund
  7059 | D:5      | Reached skill level 10 in Conjurations
  7224 | D:5      | Found a bloodstained altar of Trog.
  7225 | D:5      | Found a stormy altar of Qazlal.
  7541 | D:5      | Found a deep blue altar of Sif Muna.
  7641 | D:5      | Found an opulent altar of Gozag.
  8237 | D:5      | Found an opulent altar of Gozag.
  8302 | D:5      | Found a sparkling altar of Nemelex Xobeh.
  8317 | D:5      | Reached XP level 8. HP: 41/41 MP: 17/21
  8555 | D:5      | Reached skill level 11 in Conjurations
  8675 | D:5      | Found a deep blue altar of Sif Muna.
  8840 | D:5      | Found a bloodstained altar of Trog.
  8841 | D:5      | Found a stormy altar of Qazlal.
 10056 | D:6      | Found Rump's Antique Armour Shop.
 10198 | D:6      | Reached skill level 12 in Conjurations
 11380 | D:7      | Found a staircase to the Ecumenical Temple.
 11389 | Temple   | Entered the Ecumenical Temple
 11517 | Temple   | Became a worshipper of Vehumet
 11722 | D:7      | Got a crude robe
 11733 | D:7      | Identified the cursed -1 robe of Dawn {+Rage} (You found it on level 7 of the Dungeon)
 11783 | D:7      | Reached skill level 13 in Conjurations
 11857 | D:7      | Reached XP level 9. HP: 45/45 MP: 1/22
 12655 | D:7      | Acquired Vehumet's first power
 12655 | D:7      | Offered knowledge of Flame Tongue by Vehumet.
 12759 | D:7      | Reached skill level 14 in Conjurations
 12905 | D:7      | Found a burning altar of Makhleb.
 13252 | D:7      | Found a staircase to the Ecumenical Temple.
 13521 | D:7      | Found a burning altar of Makhleb.
 13640 | D:8      | Found a glowing golden altar of the Shining One.
 14315 | D:8      | Found a sparkling altar of Nemelex Xobeh.
 14350 | D:8      | Noticed Psyche
 14354 | D:8      | Killed Psyche
 14354 | D:8      | Reached skill level 15 in Conjurations
 14860 | D:8      | Reached skill level 4 in Spellcasting
 14860 | D:8      | Reached XP level 10. HP: 50/50 MP: 14/25
 14996 | D:8      | Offered knowledge of Throw Flame by Vehumet.
 15148 | D:8      | Reached skill level 5 in Spellcasting
 15480 | D:8      | Found a sparkling altar of Nemelex Xobeh.
 15722 | D:9      | Noticed Grum
 15735 | D:8      | Reached skill level 6 in Spellcasting
 16130 | D:9      | Reached skill level 7 in Spellcasting
 16315 | D:9      | Reached skill level 8 in Spellcasting
 16426 | D:9      | Noticed a three-headed hydra
 16462 | D:9      | Killed a three-headed hydra
 16462 | D:9      | Reached skill level 9 in Spellcasting
 16462 | D:9      | Offered knowledge of Static Discharge by Vehumet.
 16462 | D:9      | Reached skill level 10 in Spellcasting
 16640 | D:9      | Reached skill level 1 in Charms
 16698 | D:9      | Reached skill level 2 in Charms
 16814 | D:9      | Reached skill level 3 in Charms
 16960 | D:9      | Reached skill level 4 in Charms
 16994 | D:9      | Found a staircase to the Lair.
 17042 | D:9      | Found Klecw's Assorted Antiques.
 17127 | D:9      | Found a sacrificial altar of Ru.
 17180 | D:9      | Killed Grum
 17183 | D:9      | Reached skill level 5 in Charms
 17432 | D:9      | Acquired Vehumet's second power
 17639 | D:9      | Reached skill level 6 in Charms
 17668 | Lair:1   | Entered Level 1 of the Lair of Beasts
 17693 | Lair:1   | Reached skill level 7 in Charms
 17886 | Lair:1   | Reached skill level 8 in Charms
 17886 | Lair:1   | Reached XP level 11. HP: 54/54 MP: 25/32
 18016 | Lair:1   | Noticed a six-headed hydra
 18219 | Lair:1   | Reached skill level 9 in Charms
 18283 | Lair:1   | Noticed a four-headed hydra
 18320 | Lair:1   | Offered knowledge of Mephitic Cloud by Vehumet.
 18320 | Lair:1   | Reached skill level 10 in Charms
 18326 | Lair:1   | Learned a level 3 spell: Mephitic Cloud
 18511 | Lair:1   | Killed a four-headed hydra
 18511 | Lair:1   | Reached skill level 11 in Charms
 18766 | Lair:1   | Reached skill level 1 in Fighting
 18766 | Lair:1   | Reached skill level 3 in Dodging
 19047 | Lair:1   | Reached skill level 2 in Fighting
 19047 | Lair:1   | Reached skill level 4 in Dodging
 19844 | Lair:1   | Reached skill level 5 in Dodging
 19956 | Lair:1   | HP: 10/59 [six-headed hydra (6)]
 19957 | Lair:1   | Killed a six-headed hydra
 19957 | Lair:1   | Reached skill level 3 in Fighting
 20283 | Lair:1   | Reached skill level 6 in Dodging
 20304 | Lair:2   | Acquired Vehumet's third power
 20306 | Lair:2   | Noticed Duskembrace's ghost (powerful TrBe)
 20752 | Lair:2   | Noticed Harold
 20759 | Lair:2   | Killed Harold
 20759 | Lair:2   | Reached skill level 4 in Fighting
 20906 | Lair:2   | Killed Duskembrace's ghost
 20906 | Lair:2   | Reached skill level 7 in Dodging
 20915 | Lair:2   | Offered knowledge of Force Lance by Vehumet.
 20923 | Lair:2   | Reached XP level 12. HP: 67/67 MP: 0/33
 20929 | Lair:2   | Learned a level 4 spell: Force Lance
 20936 | Lair:2   | Learned a level 6 spell: Bolt of Fire
 21185 | Lair:2   | Reached skill level 5 in Fighting
 21187 | Lair:2   | Reached skill level 8 in Dodging
 21328 | Lair:2   | Noticed Nergalle
 21557 | Lair:2   | Noticed Erica
 21565 | Lair:2   | Killed Erica
 21864 | Lair:2   | Reached skill level 9 in Dodging
 21892 | Lair:2   | Reached skill level 6 in Fighting
 22213 | Lair:2   | Killed Nergalle
 22657 | Lair:3   | Noticed a seven-headed hydra
 22664 | Lair:3   | Killed a seven-headed hydra
 22895 | Lair:3   | Reached skill level 1 in Shields
 22976 | Lair:2   | HP: 9/71 [spiny frog (17)]
 23474 | Lair:3   | Reached skill level 10 in Dodging
 23762 | Lair:3   | Reached skill level 2 in Shields
 23912 | Lair:3   | Reached skill level 7 in Fighting
 23929 | Lair:3   | Offered knowledge of Airstrike by Vehumet.
 24741 | Lair:3   | Found a staircase to the Snake Pit.
 24748 | Lair:3   | Reached skill level 3 in Shields
 26108 | Lair:4   | Reached skill level 4 in Shields
 26129 | Lair:3   | Reached XP level 13. HP: 29/78 MP: 2/34
 26868 | Lair:4   | Reached skill level 8 in Fighting
 26869 | Lair:4   | Noticed a five-headed hydra
 26874 | Lair:4   | Killed a five-headed hydra
 27932 | Lair:4   | Found a staircase to the Swamp.
 27935 | Lair:4   | Reached skill level 5 in Shields
 28387 | Lair:4   | Gained mutation: You are robust (+10% HP). [potion of mutation]
 28387 | Lair:4   | Lost mutation: You are robust (+10% HP). [potion of mutation]
 28387 | Lair:4   | Gained mutation: You tend to lose your temper in combat. [potion of mutation]
 29035 | Lair:5   | Offered knowledge of Irradiate by Vehumet.
 29646 | Lair:5   | Reached skill level 6 in Shields
 29895 | Lair:5   | Reached skill level 9 in Fighting
 31551 | Lair:6   | Reached skill level 10 in Fighting
 31694 | Lair:6   | Offered knowledge of Lee's Rapid Deconstruction by Vehumet.
 34587 | Lair:7   | Reached skill level 11 in Fighting
 34813 | Lair:7   | Found a runed door.
 34815 | Lair:7   | Found a viscous altar of Jiyva.
 34815 | Lair:7   | Found a staircase to the Slime Pits.
 34988 | Lair:6   | HP: 13/84 [death yak (20)]
 35030 | Lair:5   | Reached XP level 14. HP: 24/90 MP: 2/35
 35363 | Lair:7   | Reached skill level 1 in Fire Magic
 35499 | Lair:7   | Reached skill level 2 in Fire Magic
 35765 | Lair:8   | Entered Level 8 of the Lair of Beasts
 36083 | Lair:8   | Reached skill level 3 in Fire Magic
 36595 | Lair:8   | Reached skill level 4 in Fire Magic
 36967 | Lair:8   | Reached skill level 5 in Fire Magic
 38008 | Lair:8   | Reached skill level 6 in Fire Magic
 38706 | Lair:8   | Reached skill level 7 in Fire Magic
 39333 | Lair:8   | Reached skill level 8 in Fire Magic
 39729 | Lair:7   | Reached skill level 9 in Fire Magic
 40566 | Lair:6   | Reached skill level 10 in Fire Magic
 41671 | Lair:7   | Found a viscous altar of Jiyva.
 41672 | Lair:7   | Found a staircase to the Slime Pits.
 41985 | Lair:7   | Reached skill level 16 in Conjurations
 42887 | Lair:7   | Found a viscous altar of Jiyva.
 42888 | Lair:7   | Found a staircase to the Slime Pits.
 43399 | D:10     | Entered Level 10 of the Dungeon
 44067 | D:10     | Gained mutation: Your magical capacity is low (-10% MP). [mutagenic meat]
 44307 | D:11     | Reached XP level 15. HP: 95/95 MP: 13/32
 44323 | D:11     | Offered knowledge of Delayed Fireball by Vehumet.
 44332 | D:11     | Learned a level 7 spell: Delayed Fireball
 44496 | D:11     | Learned a level 2 spell: Repel Missiles
 45646 | D:12     | Noticed Fannar
 45781 | D:12     | Noticed Gastronok
 46293 | D:12     | Killed Gastronok
 46293 | D:12     | Reached skill level 17 in Conjurations
 47082 | D:12     | Killed Fannar
 47196 | D:12     | Found a staircase to the Orcish Mines.
 47841 | D:12     | Got a bloodstained battleaxe
 47847 | D:12     | Identified the +4 battleaxe of Beyond {freeze, rF+} (You found it on level 12 of the Dungeon)
 48183 | Orc:1    | Entered Level 1 of the Orcish Mines
 48860 | Orc:2    | Offered knowledge of Poisonous Cloud by Vehumet.
 48897 | Orc:2    | Found an iron altar of Okawaru.
 49118 | Orc:3    | Found a dark tunnel.
 49128 | Volcano  | Entered a volcano
 49837 | Orc:3    | Found a roughly hewn altar of Beogh.
 50062 | Orc:3    | Found a staircase to the Elven Halls.
 50450 | Orc:4    | Entered Level 4 of the Orcish Mines
 50450 | Orc:4    | Noticed Joseph
 50591 | Orc:4    | Killed Joseph
 51236 | Orc:4    | Found a roughly hewn altar of Beogh.
 51756 | Orc:4    | Reached skill level 11 in Spellcasting
 52272 | Orc:4    | Found a roughly hewn altar of Beogh.
 52489 | Orc:4    | Found a roughly hewn altar of Beogh.
 52496 | Orc:4    | Found Voigoi's Jewellery Boutique.
 52518 | Orc:4    | Found a runed door.
 52567 | Orc:4    | Found a roughly hewn altar of Beogh.
 52651 | Orc:4    | Found a roughly hewn altar of Beogh.
 52651 | Orc:4    | Found Bleidiu's Food Emporium.
 52661 | Orc:4    | Offered knowledge of Freezing Cloud by Vehumet.
 53079 | Orc:4    | Found a roughly hewn altar of Beogh.
 53576 | Orc:4    | Reached skill level 12 in Spellcasting
 53625 | Orc:4    | Learned a level 6 spell: Freezing Cloud
 53651 | Orc:4    | Reached skill level 1 in Air Magic
 53782 | Orc:4    | Reached skill level 2 in Air Magic
 54143 | Orc:4    | Reached skill level 3 in Air Magic
 54342 | Orc:4    | Found a roughly hewn altar of Beogh.
 54344 | Orc:4    | Found Blu Pnud's Antique Weapon Shoppe.
 54345 | Orc:4    | Found Mitef's Antique Armour Emporium.
 54762 | Orc:4    | Reached skill level 4 in Air Magic
 55022 | Orc:4    | Got a slimy whip
 55025 | Orc:4    | Found a roughly hewn altar of Beogh.
 55042 | Orc:4    | Identified the +11 whip of Drought {antimagic, rN+ Str+4} (You took it off an orc on level 4 of the Orcish Mines)
 55509 | D:13     | Reached skill level 5 in Air Magic
 55958 | D:13     | Gained mutation: You are robust (+10% HP). [mutagenic meat]
 55959 | D:13     | Lost mutation: You tend to lose your temper in combat. [mutagenic meat]
 55987 | D:13     | Reached skill level 6 in Air Magic
 56676 | D:13     | Reached skill level 7 in Air Magic
 57275 | D:13     | Offered knowledge of Spellforged Servitor by Vehumet.
 57906 | D:14     | Reached skill level 8 in Air Magic
 59094 | D:14     | Found an ancient bone altar of Kikubaaqudgha.
 59099 | D:14     | Reached skill level 9 in Air Magic
 59099 | D:14     | Reached XP level 16. HP: 96/110 MP: 24/34
 59369 | D:14     | Found a gate to the Vaults.
 59576 | D:14     | Noticed Urug
 59580 | D:14     | Killed Urug
 59842 | D:14     | Offered knowledge of Fire Storm by Vehumet.
 59842 | D:14     | Offered knowledge of Glaciate by Vehumet.
 59842 | D:14     | Offered knowledge of Chain Lightning by Vehumet.
 60220 | D:15     | Entered Level 15 of the Dungeon
 60276 | D:15     | Reached skill level 10 in Air Magic
 60544 | D:15     | Reached skill level 1 in Armour
 60766 | D:15     | Reached skill level 2 in Armour
 61316 | D:15     | Reached skill level 3 in Armour
 63002 | D:15     | Found a staircase to the Depths.
 63069 | D:15     | Gained mutation: You are resistant to electric shocks. [mutagenic meat]
 63070 | D:15     | Gained mutation: Space occasionally distorts in your vicinity. [mutagenic meat]
 63071 | D:15     | Lost mutation: Your magical capacity is low (-10% MP). [mutagenic meat]
 63344 | Elf:1    | Entered Level 1 of the Elven Halls
 63526 | Elf:1    | Reached skill level 18 in Conjurations
 64560 | Elf:1    | Found Vaeniew's General Store.
 64720 | Elf:1    | Noticed Aizul
 64924 | Elf:1    | Reached skill level 19 in Conjurations
 65357 | Elf:1    | Killed Aizul
 66392 | Elf:2    | Reached XP level 17. HP: 114/114 MP: 29/38
 66685 | Elf:2    | Noticed Nessos
 66695 | Elf:2    | Killed Nessos
 66695 | Elf:2    | Reached skill level 20 in Conjurations
 67086 | Elf:2    | Found a runed gate.
 67086 | Elf:2    | Found a runed gate.
 67086 | Elf:2    | Found a runed gate.
 67500 | Elf:2    | Reached skill level 13 in Spellcasting
 68024 | Elf:2    | Noticed a deep elf blademaster
 68221 | Elf:2    | Reached skill level 14 in Spellcasting
 68352 | Elf:2    | Killed a deep elf blademaster
 68591 | Elf:2    | Noticed Azrael
 68595 | Elf:2    | Killed Azrael
 69072 | Elf:2    | Reached skill level 15 in Spellcasting
 69924 | Swamp:1  | Entered Level 1 of the Swamp
 70921 | Depths:1 | Entered Level 1 of the Depths
 71114 | Depths:1 | Reached skill level 11 in Dodging
 71231 | Depths:1 | Found Egaafut's Antique Armour Emporium.
 71381 | Depths:1 | Bought a heavily runed leather armour for 245 gold pieces
 71489 | D:15     | Identified the +0 leather armour of the Land of Plenty {Slay+4} (You bought it in a shop on level 1 of the Depths)
 71658 | Orc:4    | Bought the ring of Robustness {AC+8} for 2176 gold pieces
 71730 | Orc:4    | Bought a brightly glowing robe for 193 gold pieces
 71730 | Orc:4    | Bought a faintly humming robe for 193 gold pieces
 71740 | Orc:4    | Identified the cursed -1 robe of the Tick {Int+4} (You bought it in a shop on level 4 of the Orcish Mines)
 71751 | Orc:4    | Identified the cursed -3 robe of Poanlod {Str+3 Slay+2} (You bought it in a shop on level 4 of the Orcish Mines)
 72636 | Depths:1 | Reached skill level 12 in Fighting
 72959 | Depths:1 | Reached skill level 12 in Dodging
 72985 | Depths:1 | Gained mutation: You are partially covered in rugged brown scales (AC +1, +3% HP). [mutagenic meat]
 72989 | Depths:1 | Gained mutation: Your flesh is heat resistant. [mutagenic meat]
 72990 | Depths:1 | Lost mutation: You are resistant to electric shocks. [mutagenic meat]
 72991 | Depths:1 | Gained mutation: You have large cloven feet. [mutagenic meat]
 72996 | Depths:1 | Gained mutation: Your mind is acute. (Int +2) [mutagenic meat]
 73068 | Depths:1 | Reached XP level 18. HP: 109/126 MP: 20/41
 73433 | Depths:1 | Found a gateway to Hell.
 73904 | Depths:1 | Noticed an Ice Fiend
 73906 | Depths:1 | Killed an Ice Fiend
 73906 | Depths:1 | Reached skill level 13 in Dodging
 75085 | Depths:2 | Noticed a caustic shrike
 75088 | Depths:2 | Reached skill level 13 in Fighting
 75092 | Depths:2 | Killed a caustic shrike
 75835 | Depths:2 | Reached skill level 14 in Dodging
 76008 | Depths:2 | HP: 26/128 [deep troll (10)]
 76512 | Depths:2 | Noticed a lich
 76649 | Depths:2 | Killed a lich
 76770 | Depths:2 | Found Xagigoa's Antique Armour Shop.
 76794 | Depths:2 | Bought a glowing cloak for 135 gold pieces
 77755 | Depths:2 | Noticed a caustic shrike
 77875 | Depths:2 | Reached skill level 15 in Dodging
 78478 | Depths:2 | Killed a caustic shrike
 78478 | Depths:2 | Reached skill level 14 in Fighting
 78735 | Depths:1 | Reached XP level 19. HP: 136/136 MP: 5/41
 80647 | Depths:2 | Got a fine hand crossbow
 80648 | Depths:2 | Identified the +8 hand crossbow "Addurero" {elec, Int+3} (You took it off a vampire knight on level 2 of the Depths)
 80662 | Depths:2 | Reached skill level 15 in Fighting
 81012 | Depths:2 | Noticed a lich
 81014 | Depths:2 | Noticed a caustic shrike
 81522 | Depths:2 | Killed a caustic shrike
 82443 | Depths:2 | Killed a lich
 83389 | Depths:3 | Reached skill level 16 in Fighting
 84209 | Depths:3 | Reached skill level 12 in Charms
 84683 | Depths:3 | Reached skill level 7 in Shields
 84804 | Depths:3 | Reached skill level 1 in Evocations
 84902 | Depths:3 | Reached skill level 2 in Evocations
 84919 | Depths:3 | Found a one-way gate leading to the halls of Pandemonium.
 84921 | Depths:3 | Reached skill level 3 in Evocations
 85120 | Depths:3 | Reached skill level 4 in Evocations
 85465 | Depths:3 | Reached skill level 5 in Evocations
 85599 | Depths:3 | Found Ejuduodo's Magic Scroll Shoppe.
 85741 | Depths:3 | Reached skill level 6 in Evocations
 86027 | Depths:3 | Reached XP level 20. HP: 148/148 MP: 26/42
 86132 | Depths:3 | Reached skill level 7 in Evocations
 86563 | Depths:3 | Reached skill level 8 in Evocations
 86563 | Depths:3 | HP: 37/148 [tentacled monstrosity (8)]
 86605 | Depths:3 | HP: 36/148 [tentacled monstrosity (5)]
 86978 | Depths:3 | Reached skill level 9 in Evocations
 87419 | Depths:4 | Found a gateway to a ziggurat.
 87451 | Depths:4 | Reached skill level 10 in Evocations
 87572 | Depths:4 | Found a one-way gate to the infinite horrors of the Abyss.
 87584 | Depths:4 | HP: 27/148 [spriggan defender/enchanted quick blade (12)]
 87687 | Depths:4 | Found Shrocwieq's Armour Boutique.
 87762 | Depths:4 | HP: 20/148 [stone giant (26)]
 87768 | Depths:3 | HP: 21/148 [vampire knight/long sword (12)]
 88943 | Lair:2   | Learned a level 5 spell: Fireball
 90297 | Swamp:2  | Reached skill level 11 in Fire Magic
 90397 | Swamp:2  | Noticed Jorgrun
 90410 | Swamp:2  | Killed Jorgrun
 90410 | Swamp:2  | Reached skill level 11 in Air Magic
 90975 | Swamp:2  | Noticed Wiglaf
 90985 | Swamp:2  | Killed Wiglaf
 91800 | Swamp:3  | Learned a level 5 spell: Ignite Poison
 91980 | Swamp:3  | Noticed Kirke
 91988 | Swamp:3  | Killed Kirke
 92435 | Swamp:3  | Noticed Mara
 92450 | Swamp:3  | Killed Mara
 92842 | Swamp:3  | Noticed Saint Roka
 93576 | Swamp:3  | Killed Saint Roka
 93673 | Swamp:3  | Reached skill level 12 in Fire Magic
 94274 | Swamp:4  | Noticed Donald
 94285 | Swamp:4  | Killed Donald
 94449 | Swamp:3  | Reached skill level 12 in Air Magic
 94652 | Swamp:4  | Got a smoking shield {Donald}
 94663 | Swamp:4  | Identified the +6 shield of Icainap {Int+3 Stlth++} (You took it off Donald on level 4 of the Swamp)
 95642 | Swamp:4  | Reached skill level 8 in Shields
 96724 | Swamp:5  | Entered Level 5 of the Swamp
 97048 | Swamp:5  | Reached XP level 21. HP: 153/153 MP: 7/43
 97360 | Swamp:5  | Reached skill level 9 in Shields
 97458 | Swamp:5  | Got a decaying rune of Zot
 97697 | Swamp:5  | Reached skill level 10 in Shields
 98994 | Swamp:5  | Identified the Volume of Dusty Creation
 98997 | Swamp:5  | Learned a level 1 spell: Summon Butterflies
 99546 | Snake:1  | Entered Level 1 of the Snake Pit
 99859 | Snake:1  | Reached skill level 11 in Shields
100236 | Snake:1  | Noticed Sonja
100239 | Snake:1  | Killed Sonja
101135 | Snake:2  | Noticed Vashnia
101658 | Snake:2  | Killed Vashnia
102377 | Snake:2  | Reached skill level 12 in Shields
103175 | Snake:3  | Noticed Nikola
103185 | Snake:3  | Killed Nikola
104465 | Snake:3  | Noticed namelastname112's ghost (mighty DrBe)
105039 | Snake:3  | Found Koankuc's General Store.
105055 | Snake:3  | Bought a potion of heal wounds for 70 gold pieces
105237 | Snake:3  | Killed namelastname112's ghost
105237 | Snake:3  | Reached skill level 13 in Shields
106879 | Snake:4  | Reached XP level 22. HP: 135/160 MP: 35/43
107666 | Snake:4  | Reached skill level 14 in Shields
108063 | Snake:5  | Entered Level 5 of the Snake Pit
109909 | Snake:5  | Reached skill level 15 in Shields
110075 | Snake:5  | Found a shadowy altar of Dithmenos.
111102 | Snake:5  | Reached skill level 13 in Fire Magic
111495 | Snake:5  | Reached skill level 13 in Air Magic
111558 | Snake:5  | Got a serpentine rune of Zot
112193 | Vaults:1 | Entered Level 1 of the Vaults
112494 | Vaults:1 | Noticed Agnes
112511 | Vaults:1 | Killed Agnes
114283 | Vaults:1 | Reached skill level 14 in Fire Magic
115061 | Vaults:2 | Reached XP level 23. HP: 152/166 MP: 28/44
115486 | Vaults:2 | Reached skill level 14 in Air Magic
116399 | Vaults:2 | Identified a +6 rod of clouds (13/13) (You found it on level 2 of the Vaults)
116752 | Vaults:2 | Found a staircase to the Crypt.
117549 | Vaults:3 | Reached skill level 15 in Fire Magic
117550 | Vaults:3 | Noticed Sojobo
118020 | Vaults:2 | HP: 40/166 [flayed ghost/flay_damage (19)]
118409 | Vaults:3 | Reached skill level 15 in Air Magic
118722 | Vaults:3 | Killed Sojobo
121080 | Vaults:3 | Reached skill level 16 in Dodging
121243 | Vaults:3 | Gained mutation: Your flesh is cold resistant. [potion of beneficial mutation]
124233 | D:14     | Reached skill level 17 in Dodging
124626 | Depths:3 | Reached skill level 17 in Fighting
124626 | Depths:3 | Reached XP level 24. HP: 174/176 MP: 9/44
126546 | Depths:4 | Found Ophizac's Weapon Emporium.
126999 | Depths:4 | Noticed a golden dragon
127023 | Depths:4 | Noticed a golden dragon
127898 | Depths:4 | Reached skill level 18 in Dodging
128354 | Depths:4 | HP: 41/176 [spriggan defender/enchanted quick blade[a spriggan defender] (9)]
128367 | Depths:4 | HP: 28/176 [spriggan defender/enchanted quick blade[a spriggan defender] (26)]
128684 | Depths:4 | Killed a golden dragon
129467 | Depths:5 | Entered Level 5 of the Depths
131282 | Depths:5 | Reached skill level 19 in Dodging
131375 | Depths:5 | Found a gate to the Realm of Zot.
131747 | Depths:5 | Reached skill level 18 in Fighting
133139 | Lair:2   | Gained mutation: Potions and wands are less effective at restoring your health. [potion of mutation]
133139 | Lair:2   | Gained mutation: You are agile. (Dex +2) [potion of mutation]
133140 | Lair:2   | Gained mutation: You possess an exceptional clarity of mind. [potion of mutation]
133141 | Lair:2   | Lost mutation: Your mind is acute. (Int +2) [potion of cure mutation]
133141 | Lair:2   | Lost mutation: You are agile. (Dex +2) [potion of cure mutation]
133141 | Lair:2   | Lost mutation: Your flesh is cold resistant. [potion of cure mutation]
133141 | Lair:2   | Lost mutation: Your flesh is heat resistant. [potion of cure mutation]
133141 | Lair:2   | Lost mutation: You have large cloven feet. [potion of cure mutation]
133141 | Lair:2   | Lost mutation: You possess an exceptional clarity of mind. [potion of cure mutation]
133142 | Lair:2   | Lost mutation: You are partially covered in rugged brown scales (AC +1, +3% HP). [potion of cure mutation]
133142 | Lair:2   | Lost mutation: You are robust (+10% HP). [potion of cure mutation]
133142 | Lair:2   | Lost mutation: You are weak. (Str -2) [potion of cure mutation]
133142 | Lair:2   | Lost mutation: Space occasionally distorts in your vicinity. [potion of cure mutation]
133142 | Lair:2   | Lost mutation: Potions and wands are less effective at restoring your health. [potion of cure mutation]
133361 | Elf:3    | Entered Level 3 of the Elven Halls
134237 | Elf:3    | Got a warped steel ring
134239 | Elf:3    | Identified the ring "Jobboeg" {MR+ Str+3 Dex+5} (You found it on level 3 of the Elven Halls)
134288 | Elf:3    | Got a steaming shortbow
134294 | Elf:3    | Identified the +2 shortbow "Liesuty" {venom, Int+2 Dex+2} (You found it on level 3 of the Elven Halls)
134439 | Elf:3    | Identified the Tome of Feathery Self-Knowledge (You found it on level 3 of the Elven Halls)
135302 | Elf:3    | Identified a scroll of acquirement
135431 | Elf:3    | Reached XP level 25. HP: 164/164 MP: 42/45
135634 | Elf:3    | Reached skill level 20 in Dodging
136549 | Elf:3    | Got a jewelled trident
136762 | Elf:3    | Got a brightly glowing arbalest
136769 | Elf:3    | Got an ichor-stained shortbow
136787 | Elf:3    | Got a scorched hand axe
137101 | Lair:2   | Identified the +7 arbalest of the Peculiar Blessings {flame, rElec} (You found it on level 3 of the Elven Halls)
137102 | Lair:2   | Identified the +5 shortbow of Uplinwab {velocity, MR++ Dex+3} (You found it on level 3 of the Elven Halls)
137103 | Lair:2   | Identified the cursed +11 trident "Biyluli" {speed, Int+3} (You found it on level 3 of the Elven Halls)
137134 | Lair:2   | Identified the +7 hand axe "Twewkych" {venom, rF+} (You found it on level 3 of the Elven Halls)
137136 | Lair:2   | Identified a +0 rod of ignition (9/9) (You found it on level 3 of the Elven Halls)
137300 | Lair:2   | Got a pair of jewelled boots
137311 | Lair:2   | Identified the -2 pair of boots "Trezxaupne" {Int-2 SInv} (You acquired it on level 2 of the Lair of Beasts)
137584 | Crypt:1  | Entered Level 1 of the Crypt
138032 | Crypt:1  | Noticed Mennas
138254 | Crypt:1  | Killed Mennas
140305 | Crypt:1  | Reached skill level 19 in Fighting
140307 | Crypt:1  | Noticed Boris
140388 | Vaults:2 | HP: 41/165 [something (8)]
140401 | Vaults:2 | HP: 40/165 [shot self (9)]
140828 | Crypt:1  | Killed Boris
144021 | Crypt:2  | Reached skill level 20 in Fighting
144667 | Crypt:3  | Entered Level 3 of the Crypt
145721 | Crypt:3  | Found a staircase to the Tomb.
145963 | Crypt:3  | HP: 40/168 [??? (24)]
146586 | Crypt:3  | HP: 39/168 [??? (24)]
146588 | Crypt:3  | HP: 16/168 [??? (9)]
146597 | Crypt:3  | HP: 31/168 [??? (19)]
146612 | Crypt:3  | HP: 38/168 [jiangshi[a curse skull] (3)]
147009 | Crypt:3  | Reached skill level 21 in Conjurations
147402 | Crypt:3  | Noticed an ancient lich
147402 | Crypt:3  | Noticed an ancient lich
147716 | Crypt:3  | HP: 36/168 [flayed ghost/flay_damage[a curse skull] (18)]
147720 | Crypt:3  | HP: 16/168 [??? (9)]
148376 | Crypt:3  | Killed an ancient lich
148694 | Crypt:3  | Killed an ancient lich
148694 | Crypt:3  | Reached XP level 26. HP: 174/174 MP: 27/45
148773 | Crypt:3  | Got a pair of distressingly furry gloves
149047 | Vaults:2 | Reached skill level 22 in Conjurations
149373 | Lair:2   | Identified the cursed +5 pair of gloves of the Leaf {+Rage rPois rF++ Dex+1} (You found it on level 3 of the Crypt)
149461 | Lair:2   | Learned a level 7 spell: Spellforged Servitor
149476 | Lair:2   | Learned a level 8 spell: Chain Lightning
149722 | Depths:2 | Reached skill level 1 in Summonings
149932 | Depths:4 | Voluntarily entered the Abyss.
149935 | Abyss:1  | Found a corrupted altar of Lugonu.
150157 | Abyss:1  | Reached skill level 2 in Summonings
150281 | Abyss:1  | Reached skill level 3 in Summonings
150344 | Abyss:1  | Reached skill level 4 in Summonings
150669 | Abyss:1  | Reached skill level 5 in Summonings
151309 | Abyss:3  | Reached skill level 6 in Summonings
151529 | Abyss:3  | Reached skill level 7 in Summonings
151730 | Abyss:3  | Reached skill level 8 in Summonings
151978 | Abyss:3  | Reached skill level 9 in Summonings
152320 | Abyss:3  | Reached skill level 10 in Summonings
153228 | Abyss:3  | Reached skill level 11 in Evocations
153278 | Abyss:3  | HP: 32/174 [Executioner (13)]
153281 | Abyss:3  | Reached skill level 12 in Evocations
153306 | Abyss:3  | Got an abyssal rune of Zot
153583 | Depths:4 | Escaped the Abyss
153911 | Lair:2   | Learned a level 6 spell: Haste
154255 | Slime:1  | Entered Level 1 of the Pits of Slime
154930 | Slime:2  | Reached skill level 13 in Evocations
155288 | Slime:6  | Entered Level 6 of the Pits of Slime
155301 | Slime:6  | Reached skill level 16 in Spellcasting
155748 | Slime:6  | Reached skill level 17 in Spellcasting
155754 | Slime:6  | Noticed the royal jelly
155989 | Slime:6  | Killed the royal jelly
156675 | Slime:6  | Got a scorched long sword
156677 | Slime:6  | Got a pitted ring mail
156873 | Slime:6  | Reached skill level 18 in Spellcasting
156903 | Slime:6  | Got an encrusted ring mail
156907 | Slime:6  | Got a brightly glowing emerald amulet
156939 | Slime:6  | Got an ancient falchion
156948 | Slime:6  | Got a bone bardiche
156965 | Slime:6  | Identified the amulet of Zaoli {Str-4 Int+2 Regen} (You found it on level 6 of the Pits of Slime)
156995 | Slime:6  | Got a slimy rune of Zot
157023 | Slime:6  | Identified the +2 falchion of Kusy {antimagic, rF+ Dex-3} (You found it on level 6 of the Pits of Slime)
157024 | Slime:6  | Identified the +12 long sword "Skicwew" {slice, Str+2} (You found it on level 6 of the Pits of Slime)
157038 | Slime:6  | Identified the +3 bardiche of Disarray {vamp, +Rage rC+ rN+} (You found it on level 6 of the Pits of Slime)
157075 | Slime:6  | Got a brightly glowing ring mail
157081 | Slime:6  | Got a colourful robe
157090 | Slime:6  | Got a smoking shield
157096 | Slime:6  | Identified the +2 shield of the Pit {Int+2 Slay+3 Stlth++} (You acquired it on level 6 of the Pits of Slime)
157111 | Slime:6  | Got a slimy buckler
157125 | Slime:6  | Identified the +0 buckler "Todwecvu" {SInv} (You found it on level 6 of the Pits of Slime)
157387 | Lair:2   | Identified the +3 ring mail "Skiel" {Int-1 Slay+6} (You found it on level 6 of the Pits of Slime)
157397 | Lair:2   | Identified the +2 robe of the Sky {+Fly rN+} (You found it on level 6 of the Pits of Slime)
157407 | Lair:2   | Identified the +4 ring mail "Adenuisu" {rPois Slay-3 SInv Curse} (You found it on level 6 of the Pits of Slime)
157417 | Lair:2   | Identified the +6 ring mail of Classification {Int+3 Dex+2} (You found it on level 6 of the Pits of Slime)
158107 | Lair:2   | Upgraded the game from 0.16-a0-3219-g20c30b8 to 0.16-a0-3246-g12054e0
158145 | Lair:2   | Learned a level 7 spell: Ring of Flames
158665 | Vaults:2 | Reached XP level 27. HP: 163/179 MP: 42/47
159170 | Vaults:5 | Entered Level 5 of the Vaults
159176 | Vaults:5 | Reached skill level 19 in Spellcasting
159192 | Vaults:5 | Reached skill level 20 in Spellcasting
159483 | Vaults:4 | Reached skill level 3 in Stealth
159530 | Vaults:5 | Reached skill level 4 in Stealth
159533 | Vaults:5 | Reached skill level 5 in Stealth
159539 | Vaults:5 | Reached skill level 6 in Stealth
159814 | Vaults:5 | Reached skill level 7 in Stealth
159826 | Vaults:5 | Reached skill level 8 in Stealth
159911 | Vaults:5 | Found Mauther's Food Boutique.
160021 | Vaults:5 | Reached skill level 9 in Stealth
160187 | Vaults:5 | Reached skill level 10 in Stealth
160377 | Vaults:5 | Identified Ozocubu's Catalogue of the Excruciating Glacier (You found it on level 5 of the Vaults)
160663 | Vaults:5 | Got a smoking emerald amulet
160665 | Vaults:5 | Identified the amulet "Priraf" {rCorr Str-3} (You took it off an ironbrand convoker on level 5 of the Vaults)
160674 | Vaults:5 | Reached skill level 11 in Stealth
161164 | Vaults:5 | Reached skill level 12 in Stealth
161578 | Vaults:5 | Reached skill level 13 in Stealth
162282 | Vaults:5 | Reached skill level 14 in Stealth
162903 | Vaults:5 | Reached skill level 15 in Stealth
163290 | Vaults:5 | Got a silver rune of Zot
164814 | Vaults:5 | Got a transparent scale mail
164845 | Vaults:5 | Got a brightly glowing platinum amulet
164907 | Vaults:5 | Got a shimmering quarterstaff
164911 | Vaults:5 | Got a slimy chain mail
164955 | Vaults:5 | Got a warped quarterstaff
165773 | Lair:2   | Identified the +2 chain mail "Inetigiz" {rN+} (You found it on level 5 of the Vaults)
165783 | Lair:2   | Identified the cursed +2 scale mail of Abstinence {Str+4} (You took it off a vault warden on level 5 of the Vaults)
165784 | Lair:2   | Identified a +4 rod of ignition (11/11) {!a} (You took it off a vault warden on level 5 of the Vaults)
165791 | Lair:2   | Identified the cursed +3 quarterstaff "Poiteit" {speed, MR+ Int+3 SInv Stlth-} (You found it on level 5 of the Vaults)
165793 | Lair:2   | Identified the amulet "Arphopl Twie" {rCorr Int+3 Dex+4 Slay+4} (You found it on level 5 of the Vaults)
165799 | Lair:2   | Identified the +8 quarterstaff "Smuddis" {pain, rElec Stlth+} (You found it on level 5 of the Vaults)
165899 | Lair:2   | Learned a level 6 spell: Deflect Missiles
166605 | Tomb:1   | Entered Level 1 of the Tomb of the Ancients
167047 | Tomb:1   | Reached skill level 23 in Conjurations
169363 | Tomb:1   | HP: 42/177 [bennu (10)]
169945 | Tomb:1   | Reached skill level 24 in Conjurations
172005 | Tomb:1   | Reached skill level 25 in Conjurations
173637 | Lair:2   | Learned a level 3 spell: Regeneration
173640 | Lair:2   | Learned a level 2 spell: Blink
173643 | Lair:2   | Learned a level 2 spell: Swiftness
174107 | Hell     | Entered the Vestibule of Hell
174107 | Hell     | Noticed Geryon
174133 | Depths:1 | Reached skill level 26 in Conjurations
174393 | Hell     | Killed Geryon
176305 | Hell     | Found a gateway to the ashen valley of Gehenna.
176500 | Hell     | Found a gateway to the Iron City of Dis.
176805 | Hell     | Found a gateway to the freezing wastes of Cocytus.
177169 | Hell     | Found a gateway to the decaying netherworld of Tartarus.
177208 | Hell     | Reached skill level 27 in Conjurations
177465 | Hell     | Found a gateway to the Iron City of Dis.
177581 | Hell     | Found a gateway to the freezing wastes of Cocytus.
177633 | Hell     | Found a gateway to the decaying netherworld of Tartarus.
177708 | Hell     | Found a gateway to the ashen valley of Gehenna.
179088 | Depths:1 | Reached skill level 1 in Ice Magic
179700 | D:10     | Reached skill level 1 in Necromancy
181149 | Depths:3 | Killed a golden dragon
181149 | Depths:3 | Reached skill level 2 in Necromancy
181149 | Depths:3 | Reached skill level 1 in Translocations
181149 | Depths:3 | Reached skill level 2 in Ice Magic
181182 | Pan      | Entered Pandemonium
181389 | Pan      | Reached skill level 2 in Translocations
181588 | Pan      | Noticed Mnoec the pandemonium lord
181601 | Pan      | Killed Mnoec the pandemonium lord
181601 | Pan      | Reached skill level 3 in Necromancy
181601 | Pan      | Reached skill level 3 in Ice Magic
181604 | Pan      | Reached skill level 3 in Translocations
181895 | Pan      | Reached skill level 4 in Necromancy
181935 | Pan      | Reached skill level 4 in Ice Magic
181998 | Pan      | Reached skill level 4 in Translocations
182748 | Pan      | Noticed Oge Trum the pandemonium lord
182772 | Pan      | HP: 41/178 [cloud of freezing vapour (8)]
182772 | Pan      | Reached skill level 5 in Necromancy
182776 | Pan      | HP: 16/178 [something (20)]
183187 | Pan      | Reached skill level 5 in Ice Magic
183203 | Pan      | Reached skill level 5 in Translocations
183476 | Pan      | Found a gateway to a ziggurat.
183535 | Zig:1    | Entered Level 1 of a ziggurat
183552 | Zig:1    | Reached skill level 6 in Necromancy
183714 | Zig:2    | Entered Level 2 of a ziggurat
183907 | Zig:3    | Entered Level 3 of a ziggurat
184077 | Zig:4    | Entered Level 4 of a ziggurat
184232 | Zig:5    | Entered Level 5 of a ziggurat
184270 | Zig:5    | Reached skill level 6 in Ice Magic
184459 | Zig:6    | Entered Level 6 of a ziggurat
184490 | Zig:6    | Reached skill level 6 in Translocations
184495 | Zig:6    | Reached skill level 7 in Necromancy
184666 | Zig:6    | Got a pitted chain mail
184700 | Zig:7    | Entered Level 7 of a ziggurat
184900 | Zig:8    | Entered Level 8 of a ziggurat
184932 | Zig:8    | Reached skill level 7 in Ice Magic
184978 | Zig:8    | Identified the Reference Book on Execration (You found it on level 8 of a ziggurat)
184980 | Zig:8    | Got an iridescent morningstar
184981 | Zig:8    | Identified the cursed +7 morningstar "Jajyuthrag" {speed, +Fly rF+ Dex+4} (You found it on level 8 of a ziggurat)
184986 | Zig:8    | Identified a +4 rod of inaccuracy (10/10) (You found it on level 7 of a ziggurat)
185049 | Zig:9    | Entered Level 9 of a ziggurat
185069 | Zig:9    | Reached skill level 7 in Translocations
185081 | Zig:9    | Reached skill level 8 in Necromancy
185349 | Zig:10   | Entered Level 10 of a ziggurat
185389 | Zig:10   | Reached skill level 8 in Ice Magic
185392 | Zig:10   | Reached skill level 8 in Translocations
185404 | Zig:10   | Reached skill level 9 in Necromancy
185644 | Zig:10   | Got a pair of translucent gloves
185646 | Zig:10   | Got an iridescent mace
185657 | Zig:10   | Identified the +1 pair of gloves of the Rabble {rF+ Slay+5 Curse} (You found it on level 10 of a ziggurat)
185669 | Zig:10   | Identified the +5 mace of Turmoil {venom, Dex+2} (You found it on level 10 of a ziggurat)
185714 | Zig:11   | Entered Level 11 of a ziggurat
185734 | Zig:11   | Gained mutation: Potions and wands are less effective at restoring your health. [a neqoxec]
185834 | Zig:11   | Got a wavering ruby amulet
185836 | Zig:11   | Got an ichor-stained scale mail
185839 | Zig:11   | Got an encrusted dagger
185843 | Zig:11   | Got a jewelled ring mail
185844 | Zig:11   | Identified the +10 dagger of Bloody Death {holy, rC+} (You found it on level 11 of a ziggurat)
185845 | Zig:11   | Identified the cursed -6 ring mail of Unambiguity {Str+2 Dex+1 Stlth--} (You found it on level 11 of a ziggurat)
185847 | Zig:11   | Identified the amulet "Naegum" {Inacc rC+ SInv} (You found it on level 11 of a ziggurat)
185907 | Zig:12   | Entered Level 12 of a ziggurat
185948 | Zig:12   | Reached skill level 9 in Ice Magic
186049 | Zig:12   | Got a brightly glowing leather armour
186050 | Zig:12   | Identified the +0 leather armour of Dim Light {rC+ Int+3} (You found it on level 12 of a ziggurat)
186086 | Zig:12   | Got a crude bronze amulet
186089 | Zig:12   | Identified the amulet "Wanebu Linu" {Stasis rF+ MR+ SInv Stlth+} (You found it on level 12 of a ziggurat)
186220 | Pan      | Reached skill level 9 in Translocations
186563 | Pan      | Gained mutation: You have a pair of small horns on your head. [potion of mutation]
186566 | Pan      | Lost mutation: You have a pair of small horns on your head. [potion of cure mutation]
186566 | Pan      | Lost mutation: Potions and wands are less effective at restoring your health. [potion of cure mutation]
186687 | Pan      | Entered the realm of Mnoleg.
186897 | Pan      | Reached skill level 10 in Necromancy
187062 | Pan      | Gained mutation: You are frail (-10% HP). [mutagenic glow]
187402 | Pan      | Reached skill level 10 in Ice Magic
187416 | Pan      | Reached skill level 10 in Translocations
187600 | Pan      | Gained mutation: You are resistant to hostile enchantments. [a neqoxec]
188135 | Pan      | Reached skill level 16 in Stealth
188214 | Pan      | Reached skill level 14 in Evocations
188452 | Pan      | Noticed Mnoleg
188514 | Pan      | Killed Mnoleg
188630 | Pan      | Got a glowing rune of Zot
188725 | Pan      | Reached skill level 17 in Stealth
188725 | Pan      | Reached skill level 15 in Evocations
189089 | Pan      | Found a gateway to a ziggurat.
189097 | Zig:1    | Entered Level 1 of a ziggurat
189137 | Zig:2    | Entered Level 2 of a ziggurat
189180 | Zig:2    | Got a glittering bronze amulet
189182 | Zig:2    | Identified the amulet of Faime {rMut Int+1 Dex+2} (You found it on level 2 of a ziggurat)
189326 | Zig:3    | Entered Level 3 of a ziggurat
189503 | Zig:4    | Entered Level 4 of a ziggurat
189749 | Zig:5    | Entered Level 5 of a ziggurat
189761 | Zig:5    | Reached skill level 18 in Stealth
189761 | Zig:5    | Reached skill level 16 in Evocations
189934 | Zig:6    | Entered Level 6 of a ziggurat
190014 | Zig:6    | Lost mutation: You are resistant to hostile enchantments. [potion of cure mutation]
190014 | Zig:6    | Lost mutation: You are frail (-10% HP). [potion of cure mutation]
190017 | Zig:6    | Got a steaming ring mail
190028 | Zig:6    | Identified the +2 ring mail "Vazip" {rC+} (You acquired it on level 6 of a ziggurat)
190092 | Zig:7    | Entered Level 7 of a ziggurat
190184 | Zig:7    | Got an agate-encrusted pearl dragon armour {rN+}
190195 | Zig:7    | Identified the +1 pearl dragon armour of Fedhas' Pride {rN+ Str-1 Int+5, rN+} (You found it on level 7 of a ziggurat)
190350 | Zig:8    | Entered Level 8 of a ziggurat
190587 | Zig:9    | Entered Level 9 of a ziggurat
190889 | Zig:10   | Entered Level 10 of a ziggurat
190913 | Zig:10   | Reached skill level 17 in Evocations
190915 | Zig:10   | Reached skill level 19 in Stealth
191108 | Zig:11   | Entered Level 11 of a ziggurat
191342 | Zig:11   | Identified Peifren's Volume of Evil Magic (You found it on level 11 of a ziggurat)
191369 | Zig:12   | Entered Level 12 of a ziggurat
191395 | Zig:12   | Noticed an orb of fire
191400 | Zig:12   | Gained mutation: Armour fits poorly on your strangely shaped body. [an orb of fire]
191405 | Zig:12   | Killed an orb of fire
191442 | Zig:12   | Reached skill level 18 in Evocations
191457 | Zig:12   | Reached skill level 20 in Stealth
191553 | Zig:12   | Reached skill level 21 in Spellcasting
191556 | Zig:12   | Identified the Handbook of the Hurtful Compass (You found it on level 12 of a ziggurat)
191564 | Zig:12   | Identified a +3 rod of inaccuracy (12/12) (You found it on level 12 of a ziggurat)
191595 | Zig:12   | Upgraded the game from 0.16-a0-3246-g12054e0 to 0.16-a0-3253-g5709529
191605 | Zig:13   | Entered Level 13 of a ziggurat
191647 | Zig:13   | Reached skill level 19 in Evocations
192094 | Zig:13   | Upgraded the game from 0.16-a0-3253-g5709529 to 0.16-a0-3354-g045d5c7
192127 | Zig:14   | Entered Level 14 of a ziggurat
192169 | Zig:14   | Reached skill level 20 in Evocations
192258 | Zig:14   | Gained mutation: You are dopey. (Int -2) [mutagenic glow]
192289 | Zig:14   | Got a jewelled blowgun
192291 | Zig:14   | Identified the +5 blowgun "Cligol" {speed, -Cast +Fly rElec rN+ Int+3} (You found it on level 14 of a ziggurat)
192515 | Zig:15   | Entered Level 15 of a ziggurat
192660 | Zig:15   | Got a wavering bone ring
192662 | Zig:15   | Identified the cursed ring "Xaucun" {rElec MR+} (You found it on level 15 of a ziggurat)
192670 | Zig:15   | Identified the Collected Works on Attacks (You found it on level 15 of a ziggurat)
192710 | Zig:15   | Lost mutation: You are dopey. (Int -2) [potion of cure mutation]
192710 | Zig:15   | Lost mutation: Armour fits poorly on your strangely shaped body. [potion of cure mutation]
192729 | Zig:16   | Entered Level 16 of a ziggurat
192750 | Zig:16   | Reached skill level 22 in Spellcasting
192913 | Zig:16   | Gained mutation: You are partially covered in rough black scales (AC +4, Dex -1). [potion of beneficial mutation]
192931 | Zig:16   | Identified a -1 iron rod (14/14) (You found it on level 16 of a ziggurat)
192943 | Zig:16   | Got a flickering granite ring
192945 | Zig:16   | Identified the ring "Schihara" {Wiz MR++ Slay+5} (You found it on level 16 of a ziggurat)
193062 | Zig:17   | Entered Level 17 of a ziggurat
193082 | Zig:17   | Reached skill level 23 in Spellcasting
193106 | Zig:17   | HP: 20/179 [reaper/scythe of protection[a greater mummy's death curse] (31)]
193125 | Zig:17   | HP: 37/178 [torment (18)]
193134 | Zig:17   | HP: 44/178 [bennu (14)]
193141 | Zig:17   | HP: 39/178 [bennu (7)]
193141 | Zig:17   | Reached skill level 24 in Spellcasting
193315 | Zig:17   | Identified Foqoiq's Papyrus of Igneous Combat Magic (You found it on level 17 of a ziggurat)
193319 | Zig:17   | Got a shimmering copper ring
193322 | Zig:17   | Identified the ring "Enammiddi" {rC+ Int+2 Dex+3} (You found it on level 17 of a ziggurat)
193338 | Zig:17   | Got a brightly glowing short sword
193339 | Zig:17   | Identified the +3 short sword of Keaseema {flame, rElec rPois rC+ Str+2} (You found it on level 17 of a ziggurat)
193642 | Pan      | Found an exit through the horrors of the Abyss.
194022 | Pan      | Reached skill level 2 in Earth Magic
194025 | Pan      | Identified a +1 rod of ignition (9/9) (You found it in Pandemonium)
194280 | Pan      | Reached skill level 3 in Earth Magic
194359 | Pan      | Reached skill level 4 in Earth Magic
194392 | Pan      | Took an exit into the Abyss.
194392 | Abyss:1  | Escaped into the Abyss
194408 | Abyss:1  | Reached skill level 5 in Earth Magic
194417 | Abyss:1  | Reached skill level 6 in Earth Magic
194430 | Abyss:1  | Reached skill level 7 in Earth Magic
194475 | Abyss:1  | Reached skill level 8 in Earth Magic
194516 | Depths:3 | Escaped the Abyss
195114 | Depths:3 | Reached skill level 9 in Earth Magic
195385 | Depths:3 | Found Ejuduodo's Magic Scroll Shoppe.
195395 | Depths:3 | Bought a scroll of recharging for 180 gold pieces
195478 | Depths:3 | Reached skill level 10 in Earth Magic
195687 | Hell     | Learned a level 7 spell: Controlled Blink
195767 | Hell     | Learned a level 6 spell: Iron Shot
195794 | Hell     | Learned a level 9 spell: Fire Storm
195959 | Pan      | Entered Pandemonium
195976 | Pan      | Got a steaming long sword
195977 | Pan      | Identified the +4 long sword of Precise Incision {antimagic, rF+ MR+} (You found it in Pandemonium)
196090 | Pan      | Reached skill level 11 in Earth Magic
196146 | Pan      | Noticed Nunnomu the pandemonium lord
196240 | Pan      | Reached skill level 12 in Earth Magic
196244 | Pan      | Killed Nunnomu the pandemonium lord
196244 | Pan      | Reached skill level 13 in Earth Magic
196337 | Pan      | Reached skill level 14 in Earth Magic
196347 | Pan      | HP: 42/178 [Hell Sentinel/blast of hellfire (36)]
196571 | Pan      | Found an exit through the horrors of the Abyss.
196697 | Pan      | Reached skill level 15 in Earth Magic
197639 | Pan      | Entered the realm of Lom Lobon.
197714 | Pan      | Reached skill level 25 in Spellcasting
197836 | Pan      | Found an exit through the horrors of the Abyss.
198379 | Pan      | Noticed Lom Lobon
198418 | Pan      | HP: 39/178 [Lom Lobon/great icy blast (46)]
198422 | Pan      | HP: 1/178 [Lom Lobon/great icy blast (61)]
198429 | Pan      | HP: 31/178 [air elemental[the player character] (5)]
198432 | Pan      | Killed Lom Lobon
198432 | Pan      | Reached skill level 26 in Spellcasting
198467 | Pan      | Got a magical rune of Zot
199224 | Pan      | Noticed Gidiowk the pandemonium lord
199230 | Pan      | Killed Gidiowk the pandemonium lord
199230 | Pan      | Reached skill level 27 in Spellcasting
199391 | Pan      | Got a translucent rapier
199392 | Pan      | Identified the +7 rapier of Oenomania {distort, Str+3 Int+3} (You took it off a warmonger in Pandemonium)
199523 | Pan      | Noticed Pessit the pandemonium lord
199525 | Pan      | HP: 42/178 [hellion/burst of hellfire (32)]
199530 | Pan      | Killed Pessit the pandemonium lord
200348 | Pan      | Got a demonic rune of Zot
200370 | Pan      | Entered the realm of Gloorx Vloq.
200787 | Pan      | Noticed Gloorx Vloq
200791 | Pan      | Killed Gloorx Vloq
200791 | Pan      | Reached skill level 21 in Dodging
200824 | Pan      | Got a dark rune of Zot
201248 | Pan      | Found an exit through the horrors of the Abyss.
201793 | Pan      | Noticed Fesaecus the pandemonium lord
201825 | Pan      | Killed Fesaecus the pandemonium lord
202035 | Pan      | Got a ripped robe
202046 | Pan      | Identified the cursed +0 robe of Wecupic {Int+1 Dex+3} (You found it in Pandemonium)
202106 | Pan      | Reached skill level 21 in Fighting
202212 | Pan      | Gained mutation: You are frail (-10% HP). [a cacodemon]
202720 | Pan      | Reached skill level 22 in Dodging
202738 | Pan      | Found an exit through the horrors of the Abyss.
203278 | Pan      | Entered the realm of Cerebov.
203300 | Pan      | Found an exit through the horrors of the Abyss.
204038 | Pan      | Noticed Cerebov
204091 | Pan      | HP: 35/163 [Cerebov/great blast of fire (33)]
205022 | Pan      | Got a twisted leather armour
205023 | Pan      | Identified the +0 leather armour of the Storm King {+Blink rElec rN+} (You found it in Pandemonium)
205028 | Pan      | Identified a +2 rod of destruction (12/12) (You found it in Pandemonium)
205568 | Pan      | Killed Cerebov
205755 | Pan      | Identified Vehumet's Reference Book on Flamy Damage Dealing (You found it in Pandemonium)
205758 | Pan      | Identified the Catalogue of Intoxication (You found it in Pandemonium)
205777 | Pan      | Got a fiery rune of Zot
205800 | Pan      | Got a crude glaive
205812 | Pan      | Got an ichor-stained large shield
205823 | Pan      | Identified the +4 large shield of Ufeacvel {rElec} (You found it in Pandemonium)
205835 | Pan      | Got a pitted rapier
205836 | Pan      | Identified the +7 rapier "Fosmu" {holy, rPois} (You found it in Pandemonium)
205842 | Pan      | Got a slimy long sword
205843 | Pan      | Identified the +7 long sword of Lyar {flame, rPois} (You found it in Pandemonium)
205848 | Pan      | Got an emerald-encrusted ring mail
205973 | Pan      | Took an exit into the Abyss.
205973 | Abyss:1  | Escaped into the Abyss
205973 | Abyss:1  | Found a corrupted altar of Lugonu.
206025 | Abyss:1  | Reached skill level 23 in Dodging
206029 | Abyss:1  | Gained mutation: You are dopey. (Int -2) [a neqoxec]
206090 | Abyss:1  | Found a corrupted altar of Lugonu.
206100 | Depths:3 | Escaped the Abyss
206228 | Hell     | Gained mutation: You passively map a small area around you. [potion of mutation]
206228 | Hell     | Gained mutation: You are weak. (Str -2) [potion of mutation]
206228 | Hell     | Gained mutation: You are very dopey. (Int -4) [potion of mutation]
206232 | Hell     | Lost mutation: You are frail (-10% HP). [potion of cure mutation]
206232 | Hell     | Lost mutation: You are weak. (Str -2) [potion of cure mutation]
206232 | Hell     | Lost mutation: You are very dopey. (Int -4) [potion of cure mutation]
206303 | Hell     | Learned a level 7 spell: Haunt
206310 | Hell     | Learned a level 6 spell: Bolt of Cold
206376 | Dis:1    | Entered Level 1 of the Iron City of Dis
207263 | Dis:3    | HP: 24/184 [hellion/burst of hellfire[the effects of Hell] (26)]
207263 | Dis:3    | Killed from afar by a hellion

Action                   |  1- 3 |  4- 6 |  7- 9 | 10-12 | 13-15 | 16-18 | 19-21 | 22-24 | 25-27 || total
-------------------------+-------+-------+-------+-------+-------+-------+-------+-------+-------++-------
Melee: Unarmed           |     3 |       |       |       |       |       |       |       |       ||     3
       Spear             |       |     3 |       |       |       |       |       |       |       ||     3
       Dagger            |       |       |    11 |    38 |   249 |   111 |    41 |    77 |    18 ||   545
       Morningstar       |       |       |       |       |       |       |       |       |  1072 ||  1072
       Trident           |       |       |       |       |       |       |       |       |    24 ||    24
Throw: Stone             |       |       |       |       |       |       |       |       |     3 ||     3
 Cast: Magic Dart        |    78 |   238 |   314 |   142 |     3 |       |       |       |       ||   775
       Iskenderun's Myst |       |    10 |   100 |   406 |  1331 |   718 |  1119 |   875 |  1333 ||  5892
       Mephitic Cloud    |       |       |       |    17 |    24 |     1 |     1 |       |       ||    43
       Force Lance       |       |       |       |     5 |    38 |    60 |   101 |   214 |   230 ||   648
       Bolt of Fire      |       |       |       |       |    20 |    85 |    96 |    83 |   895 ||  1179
       Delayed Fireball  |       |       |       |       |    14 |    20 |    30 |    26 |    78 ||   168
       Freezing Cloud    |       |       |       |       |     7 |    79 |   134 |   222 |   349 ||   791
       Repel Missiles    |       |       |       |       |     1 |     5 |     6 |    15 |     4 ||    31
       Iskenderun's Batt |       |       |       |       |       |       |     3 |       |    87 ||    90
       Ignite Poison     |       |       |       |       |       |       |     4 |     2 |       ||     6
       Fireball          |       |       |       |       |       |       |       |       |    31 ||    31
       Haste             |       |       |       |       |       |       |       |       |   104 ||   104
       Iron Shot         |       |       |       |       |       |       |       |       |   749 ||   749
       Regeneration      |       |       |       |       |       |       |       |       |    71 ||    71
       Spellforged Servi |       |       |       |       |       |       |       |       |    33 ||    33
       Ring of Flames    |       |       |       |       |       |       |       |       |    16 ||    16
       Fire Storm        |       |       |       |       |       |       |       |       |    12 ||    12
       Deflect Missiles  |       |       |       |       |       |       |       |       |     5 ||     5
       Blink             |       |       |       |       |       |       |       |       |     2 ||     2
       Summon Butterflie |       |       |       |       |       |       |       |       |     2 ||     2
       Controlled Blink  |       |       |       |       |       |       |       |       |     2 ||     2
       Bolt of Cold      |       |       |       |       |       |       |       |       |     1 ||     1
 Abil: Release Delayed F |       |       |       |       |    13 |    20 |    30 |    25 |    78 ||   166
       Evoke Blink       |       |       |       |       |     5 |     7 |       |       |    14 ||    26
       Evoke Flight      |       |       |       |       |       |       |       |       |     1 ||     1
Evoke: Wand              |       |       |       |     3 |     5 |     3 |    12 |    10 |    39 ||    72
       Phial of floods   |       |       |       |       |     2 |     2 |     2 |     2 |     9 ||    17
       Stone of tremors  |       |       |       |       |       |     1 |     1 |     2 |     1 ||     5
       Disc of storms    |       |       |       |       |       |     1 |       |       |    15 ||    16
       Lamp of fire      |       |       |       |       |       |       |     1 |     2 |     9 ||    12
       Deck              |       |       |       |       |       |       |       |    10 |     2 ||    12
       Staff of energy   |       |       |       |       |       |       |       |       |  2420 ||  2420
       tome              |       |       |       |       |       |       |       |       |     5 ||     5
       Fan of gales      |       |       |       |       |       |       |       |       |     7 ||     7
       Rod               |       |       |       |       |       |       |       |       |     7 ||     7
       Horn of Geryon    |       |       |       |       |       |       |       |       |     1 ||     1
  Use: Scroll            |     1 |     7 |     5 |    15 |    18 |    14 |    16 |     5 |    85 ||   166
       Potion            |       |     3 |       |     5 |     1 |     2 |     3 |     7 |    57 ||    78
 Stab: Distracted        |       |       |       |       |       |       |       |       |     2 ||     2
  Eat: Chunk             |     2 |    15 |    30 |    31 |    99 |    92 |    81 |    72 |   100 ||   522
       Bread ration      |       |     1 |     2 |     2 |     4 |       |     6 |     5 |    24 ||    44
       Pizza             |       |       |     1 |       |       |     1 |       |       |     3 ||     5
       Beef jerky        |       |       |     1 |       |       |       |       |       |     1 ||     2
       Fruit             |       |       |       |       |       |     1 |       |       |     6 ||     7
       Meat ration       |       |       |       |       |       |       |       |       |    30 ||    30
       Royal jelly       |       |       |       |       |       |       |       |       |     6 ||     6

Vault maps used:
D:1:      lightli_arrival_maybe_door_vault
D:2:      uniq_robin, uniq_jessica, uniq_iyjb
D:3:      lemuel_round_altar, grunt_dithmenos_smoke_and_mirrors, zin_statuary
D:4:      first_bread, uniq_natasha, uniq_blork_the_orc
D:5:      kennysheep_mini_moat, lemuel_round_altar, minitemple,
          nemelex_diamond_rough_becter, uniq_sigmund
D:6:      serial_shops, shop, hangedman_abyss_or_decor_stabs,
          lemuel_flame_loot_1
D:7:      lemuel_round_altar, temple_statues
D:8:      old_standard_altar, tso_metal_star, uniq_psyche
D:9:      overflow_temple_1_default, lair_0_dummy, serial_shops, shop,
          hangedman_ranch, kennysheep_generic_room_4, uniq_grum
D:12:     lemuel_ice_statue, kennysheep_boxes, uniq_gastronok, uniq_fannar
D:14:     lemuel_vampire_tower, david_vaults_5, hangedman_abyss_or_decor_passed,
          uniq_urug
D:15:     grunt_enter_depths_snipers, serial_bayou_pond_b,
          small_chamber_with_monster
Temple:   nicolae_temple_figure_zero
Lair:2:   nicolae_quartered_pool_little, uniq_harold, uniq_nergalle, uniq_erica
Lair:3:   guppyfry_snake_entry_garden, serial_bayou_pond_a, minivault_29
Lair:4:   minmay_swamp_entry_worms, infiniplex_staircase_pool, lemuel_fruit_tree
Lair:5:   beast_lair_carwin_large_3, st_stairs_9
Lair:7:   slime_altar_2, serial_bayou_pond_e
Lair:8:   evilmike_catoblepas_cave, grunt_megastairs_4
Swamp:1:  evilmike_swamp_ruin_house_5
Swamp:2:  evilmike_swamp_ruin_house_4, swamp_pool5, uniq_jorgrun, uniq_wiglaf
Swamp:3:  evilmike_swamp_ruin_house_1, swamp_pool5, uniq_mara, uniq_kirke,
          uniq_saint_roka
Swamp:4:  evilmike_swamp_ruin_rubble_2, uniq_donald
Swamp:5:  swamp
Snake:1:  uniq_sonja
Snake:2:  uniq_vashnia
Snake:3:  serial_shops, nicolae_shop_trees, serial_bayou_pond_b, uniq_nikola
Snake:4:  serial_bayou_lake_a
Snake:5:  snake_pit_salamanders_mu, basic_altar
Slime:1:  nicolae_slime_phagocytosis
Slime:2:  basic_altar
Slime:3:  nicolae_slime_round_cave
Orc:1:    nicolae_orc_lava_tube
Orc:2:    okawaru_metal_pillars_1_2
Orc:3:    nicolae_volcano_entry_hallway, nicolae_orc_pool_cavern, mines2_david
Orc:4:    grunt_orc_community_town_hall, grunt_orc_community_big_house_1,
          grunt_orc_community_big_house_2, grunt_orc_community_house_3,
          grunt_orc_community_house_3, grunt_orc_community_house_2,
          grunt_orc_community_house_1, grunt_orc_community_house_1,
          grunt_orc_community_house_1, lightli_church_of_beogh, uniq_joseph
Elf:1:    serial_shops, nicolae_shop_trees, orc_legates, spider_trap,
          wad_floor_pattern_1, uniq_aizul
Elf:2:    uniq_nessos, uniq_azrael
Elf:3:    grunt_elf_hall_asides
Vaults:1: v_misc_11, v_misc_1, vaults_room_pools, grunt_vaults_bifocal,
          nicolae_vaults_ninety_degrees, v_misc_18, nicolae_vaults_asterisk,
          nicolae_vaults_an_arrangement, vaults_dpeg_cross, vaults_mumra_lcd,
          hangedman_vaults_capsules, vaults_standard_mumra_x,
          nicolae_vaults_little_squares_4, vaults_room_pool, uniq_agnes
Vaults:2: hangedman_vaults_slice, nicolae_vaults_windows_and_doors_thing,
          nicolae_vaults_diagonal_hallway_8, minmay_crypt_entry_simple_round,
          vaults_mumra_minichess_inversion, v_misc_5, grunt_vaults_hallway_long,
          nicolae_vaults_stairing_the_circle, v_alt_pattern_5,
          nicolae_vaults_statue_guard, vaults_room_door_ring, vaults_room_pools
Vaults:3: grunt_vaults_funnel, vaults_standard_mumra_enter_the_diamond,
          nicolae_vaults_ring_of_whatevers, nicolae_vaults_little_squares_2,
          uniq_sojobo
Vaults:4: nicolae_vaults_theta, ontoclasm_vaults_gateway,
          ontoclasm_vaults_shout, nicolae_vaults_asterisk, v_misc_30,
          nicolae_vaults_puzzle_piece, v_pattern_2,
          nicolae_vaults_little_squares_3, serial_ice_g,
          ontoclasm_vaults_misaligned, nicolae_vaults_hallways_thing,
          grunt_vaults_hallway_long
Crypt:1:  grunt_crypt_arrival_guarded_gate, grunt_megastairs_2, uniq_boris,
          uniq_mennas
Crypt:3:  david_glass_crypt, nicolae_tomb_entry_unfolded_pyramid_diagonal,
          crypt_curse_skull, grunt_ministairs_5
Depths:1: kennysheep_big_flooded_room, serial_shops, shop,
          kennysheep_pointless_box, hell_entry, spider_trap, ice2_lemuel
Depths:2: angbandy_vault, serial_shops, nicolae_shop_overgrown_old_shop,
          grunt_mini_vestibule, minmay_misc_feat_tower,
          infiniplex_staircase_pillars_1
Depths:3: kennysheep_four_of_diamonds, serial_shops, nicolae_shop_waterfront,
          hell_entry, pan_entry
Depths:4: minmay_stepped, enter_ziggurat_a, nicolae_two_hexagons, hell_entry,
          mu_enter_wizlab_6, serial_shops, shop, nicolae_shop_waterfront,
          abyss_entry, firewood_loft, infiniplex_staircase_trident
Depths:5: grunt_twist_and_shout, roderic_lattice_a, abyss_entry,
          rand_demon_pan_entry_1, pf_hell_entry_tar_spiral,
          grunt_decor_resistance
Abyss:1:  hangedman_abyss_or_decor_clamps, hangedman_abyss_sting
Pan:      evilmike_mini_pan_3x3, rand_demon_6, grunt_pan_spiral,
          nicolae_pan_sigil_itan, nicolae_pan_mnolegish_2,
          evilmike_mini_pan_3x3, enter_ziggurat_pan_b, rand_demon_2,
          evilmike_mini_pan_diamond, evilmike_mini_pan_3x3, lemuel_hall_of_pain,
          mnoleg_st, pan_blood_fountain_small, grunt_pan_in_and_out,
          pan_blood_fountain_small, nicolae_pan_sigil_itan,
          nicolae_pan_door_chamber, pan_blood_fountain_small, rand_demon_4,
          pan_blood_fountain_small, enter_ziggurat_pan_a,
          nicolae_pan_sigil_nadil, evilmike_mini_pan_pillars_b,
          pan_blood_fountain_small, lom_lobon, reaverb_pan_figure_eight,
          rand_demon_4, pan_blood_fountain_small, lemuel_hellion_island,
          evilmike_gloorx_vloq_box, nicolae_pan_cerebovesque_3,
          nicolae_pan_glass_arcs, pan_blood_fountain_small,
          evilmike_cerebov_lava
Zig:4:    ziggurat_pillar_centre_c
Zig:6:    ziggurat_loot_1
Zig:7:    ziggurat_pillar_centre_dead_trees
Zig:8:    ziggurat_loot_1
Zig:9:    ziggurat_pillar_centre_oklobs, ziggurat_pillar_centre_smoke
Zig:13:   ziggurat_pillar_centre_k
Zig:15:   ziggurat_loot_3
Volcano:  volcano_overflow

Table legend:
 A = Turns spent in this place as a percentage of turns spent in the entire game.
 B = Non-inter-level travel turns spent in this place as a percentage of non-inter-level travel turns spent in the entire game.
 C = Inter-level travel turns spent in this place as a percentage of turns spent in this place.
 D = Turns resting spent in this place as a percentage of non-inter-level travel turns spent in this place.
 E = Turns spent auto-exploring this place as a percentage of non-inter-level travel turns spent in this place.
 F = Non-inter-level travel turns spent in this place divided by the number of levels of this place that you've seen.
                   A       B       C       D       E      F
               +-------+-------+-------+-------+-------+----------------------
         Total | 100.0 | 100.0 |   0.6 |  11.2 |   4.4 | 476.4
       Dungeon |  11.1 |  11.0 |   1.7 |  29.3 |   8.6 | 418.0
        Temple |   0.0 |   0.0 |   7.7 |   0.0 |  45.8 |  24.0
          Lair |  10.7 |  10.6 |   1.2 |  10.4 |   4.2 | 756.8
         Swamp |   3.2 |   3.2 |   0.7 |  18.1 |   7.7 | 361.8
     Snake Pit |   4.7 |   4.7 |   0.8 |  16.8 |   8.4 | 534.0
    Slime Pits |   2.0 |   2.0 |   0.2 |   7.2 |   0.8 | 194.8
  Orcish Mines |   2.6 |   2.6 |   1.4 |  18.5 |  14.4 | 372.2
   Elven Halls |   3.7 |   3.7 |   0.7 |  12.8 |   9.9 | 710.3
        Vaults |   7.8 |   7.8 |   0.8 |  11.6 |   7.6 | 891.4
         Crypt |   3.9 |   3.9 |   0.4 |  13.8 |   5.1 | 739.0
          Tomb |   3.7 |   3.7 |   0.2 |  12.8 |   0.5 | 1068.0
        Depths |  11.3 |  11.3 |   0.6 |  11.2 |   4.1 | 1291.4
          Hell |   2.8 |   2.8 |   0.5 |   4.4 |   2.7 | 1581.0
           Dis |   1.5 |   1.5 |   0.0 |   0.7 |   0.0 | 282.0
         Abyss |   4.3 |   4.3 |   0.0 |   7.6 |   0.1 | 493.8
   Pandemonium |  19.1 |  19.3 |   0.0 |   2.8 |   1.0 | 579.5
      Ziggurat |   7.4 |   7.5 |   0.0 |   2.2 |   0.4 | 147.4
       Volcano |   0.2 |   0.2 |   0.0 |  11.9 |   8.9 | 101.0
               +-------+-------+-------+-------+-------+----------------------

Table legend:
 A = Kills in this place as a percentage of kills in entire the game.
 B = Kills by you in this place as a percentage of kills by you in the entire game.
 C = Kills by friends in this place as a percentage of kills by friends in the entire game.
 D = Other kills in this place as a percentage of other kills in the entire game.
 E = Experience gained in this place as a percentage of experience gained in the entire game.
 F = Experience gained in this place divided by the number of levels of this place that you have seen.
                   A       B       C       D       E      F
               +-------+-------+-------+-------+-------+----------------------
         Total | 100.0 | 100.0 | 100.0 | 100.0 | 100.0 | 24147.0
       Dungeon |  13.4 |  13.6 |   0.0 |   0.0 |   2.6 | 5101.5
          Lair |   8.6 |   8.6 |   5.1 |   5.6 |   3.2 | 11410.2
         Swamp |   5.2 |   5.4 |   0.0 |   0.0 |   4.0 | 22983.0
     Snake Pit |   6.5 |   6.6 |   1.3 |   0.0 |   6.1 | 35161.2
    Slime Pits |   2.1 |   2.1 |   1.3 |   0.0 |   2.6 | 12334.7
  Orcish Mines |   5.2 |   5.2 |   0.0 |  11.1 |   0.6 | 4360.0
   Elven Halls |   4.2 |   4.2 |   1.3 |  11.1 |   4.5 | 43056.7
        Vaults |  10.0 |  10.2 |   1.3 |  11.1 |  12.5 | 72665.4
         Crypt |   4.6 |   4.7 |   0.0 |   0.0 |   5.8 | 56502.3
          Tomb |   2.7 |   2.8 |   1.3 |   0.0 |   5.8 | 83543.0
        Depths |   9.2 |   9.3 |   1.3 |  16.7 |  14.0 | 81140.8
          Hell |   1.8 |   1.8 |   0.0 |   0.0 |   2.0 | 56532.0
           Dis |   1.5 |   1.4 |   5.1 |   0.0 |   1.2 | 11556.3
         Abyss |   3.8 |   3.8 |   0.0 |   0.0 |   4.1 | 23828.8
   Pandemonium |  11.5 |  11.7 |   1.3 |   5.6 |  18.9 | 28858.4
      Ziggurat |   9.9 |   8.6 |  81.0 |  38.9 |  12.2 | 12159.4
       Volcano |   0.1 |   0.1 |   0.0 |   0.0 |   0.1 | 1592.0
               +-------+-------+-------+-------+-------+----------------------
